Workbook
Name F02HIST.XLS: '[1]Bill rates'!$A$12:$H$467
Name FCMYGBAG10: '[1]Bill rates'!$D$12:$D$467
Name FCMYGBAG3: '[1]Bill rates'!$B$12:$B$467
Name FCMYGBAG5: '[1]Bill rates'!$C$12:$C$467
Name FCMYGBAGI: '[1]Bill rates'!$E$12:$E$467
Name FCMYGBNT10: '[1]Bill rates'!$H$12:$H$467
Name FCMYGBNT3: '[1]Bill rates'!$F$12:$F$467
Name FCMYGBNT5: '[1]Bill rates'!$G$12:$G$467
Name Jun_14: #REF!
Name Jun_14: #REF!
Name Jun_14: #REF!
Name output1: #REF!
Name output1: #REF!
Name output1: #REF!
Name output1: #REF!
Name output2: #REF!
Name output2: #REF!
Name output2: #REF!
Name output2: #REF!
Name Raw: OFFSET(#REF!,0,0,COUNTA(#REF!),COUNTA(#REF!))
Name Raw: OFFSET(#REF!,0,0,COUNTA(#REF!),COUNTA(#REF!))
Name Raw: OFFSET(#REF!,0,0,COUNTA(#REF!),COUNTA(#REF!))
Name Raw: OFFSET(#REF!,0,0,COUNTA(#REF!),COUNTA(#REF!))
Name Tab_10: #REF!
Name Tab_10: #REF!
Name Tab_10: #REF!
Name Tab_7: #REF!
Name Tab_7: #REF!
Name Tab_7: #REF!
Name Tab_KeyStatsc_Data: 'Table 2'!$B$19:$F$25
Name Tab_KeyStatsd_Data: 'Table 2'!#REF!
Name Tab_RSE7: #REF!
Name Tab_RSE7D_1: #REF!
Name Tab_RSE7D_1: #REF!
Name Tab_RSE7D_1: #REF!
Name Tab_RSE7D_1: #REF!
Name Tab_RSE7D_1: #REF!
Name Tab_RSE7D_1: #REF!
Name Tab_RSE7D_1: #REF!
Name Tab_RSE7D_1: #REF!
Name Tab_RSE7D_1: 'Table 8a'!#REF!
Name Tab_RSE7D_1: #REF!
Name Tab_RSE7D_2: #REF!
Name Tab_RSE7D_2: #REF!
Name Tab_RSE7D_2: #REF!
Name Tab_RSE7D_2: #REF!
Name Tab_RSE7D_2: #REF!
Name Tab_RSE7D_2: #REF!
Name Tab_RSE7D_2: #REF!
Name Tab_RSE7D_2: #REF!
Name Tab_RSE7D_2: 'Table 8a'!#REF!
Name Tab_RSE7D_2: #REF!
Name Tab_RSE9_1: #REF!
Name Tab_RSE9_1: #REF!
Name Tab_RSE9_1: #REF!
Name Tab_RSE9_2: #REF!
Name Tab_RSE9_2: #REF!
Name Tab_RSE9_2: #REF!
Name Tab_RSE9_3: #REF!
Name Tab_RSE9_3: #REF!

Sheet Cover
B19: Statistics
B20: Quarterly superannuation industry publication
B22: December 2023
B23: (released 12 April 2024)
B34: AUSTRALIAN PRUDENTIAL REGULATION AUTHORITY | APRA.GOV.AU

Sheet Notes
A1: Copyright
A2: © Australian Prudential Regulation Authority (APRA)
A4: This work is licensed under the Creative Commons Attribution 3.0 Australia Licence (CCBY 3.0).
A6: This licence allows you to copy, distribute and adapt this work, provided you attribute the work and do not suggest that APRA endorses you or your work. To view a full copy of the terms of this licence, visit:
A7: http://creativecommons.org/licenses/by/3.0/au/
A8: Requests and inquiries concerning reproduction and rights should be addressed to:
A9: DataAnalytics@apra.gov.au
A11: Disclaimer
A12: While APRA endeavours to ensure the quality of this publication, APRA does not accept any responsibility for the accuracy, completeness or currency of the material included in this publication, and will not be liable for any loss or damage arising out of any use of, or reliance on, this publication.
A15: Forthcoming issues
A16: This publication will be released according to the timetable published on the APRA website.
A18: Revisions
... A46: For more information about the statistics in this publication:
A48: e-mail | B48: DataAnalytics@apra.gov.au
A50: or write to | B50: Manager, External Data Reporting
B51: Australian Prudential Regulation Authority
B52: GPO Box 9836
B53: Sydney NSW 2001

Sheet Important notice
A2: Important notice
A4: Background APRA commenced the Superannuation Data Transformation (SDT) project in 2019, a multi-year project to upgrade the breadth, depth and quality of its superannuation data collection. APRA has commenced collection of 10 new reporting standards in 2021 as part of the first phase of the project to address key data gaps. In July 2022, APRA released the SDT - Publications and Confidentiality Consultation Response Paper. This paper outlined APRA’s plans for the publication and the confidentiality of data reported under the new superannuation reporting standards. The new publications leverage the new reporting standards to improve data quality and increase the transparency of the superannuation industry. The SDT - Publications and Confidentiality Consultation Response Paper is available to view at the following address:
A7: APRA made minor amendments to investment option classifications under SRS 605.0 RSE Structure which applied from 30 June 2023. The option classifications on Table 3 and Table 4 of the QSIP have been updated to reflect the improved classifications.
A9: APRA's Quarterly Superannuation Industry Publication (QSIP) provides policymakers, regulators, trustees and the community with information to assess the overall composition of the superannuation system. It contains statistics on product and membership profile, and investments for each quarter. APRA makes historical data available to support and encourage analysis of the achievement of retirement income policy objectives over the long term. In that context, APRA strongly recommends that users of the statistics exercise caution in making assessments or drawing conclusions based on short-term information. APRA has worked with the industry to improve the quality and consistency of reporting. Ongoing publication of data will provide opportunities for industry to improve the quality of submitted data.

Sheet Contents 
A1: Contents
A3: Superannuation products by product type and phase | B3: Table 1
A5: Superannuation products by product type, phase and fund type | B5: Table 1a
A7: MySuper products | B7: Table 2
A9: Choice products - Investment options by category type | B9: Table 3
A11: Choice products - Investment options by product phase | B11: Table 4
A13: Member accounts | B13: Table 5
A15: Membership profile by account type | B15: Table 6
A17: Membership profile by age and gender | B17: Table 7
A19: MySuper membership profile by age and gender | B19: Table 7a
A21: Membership profile by age and members' benefit bracket | B21: Table 8
A23: MySuper membership profile by age and members' benefit bracket | B23: Table 8a
A25: RSE asset allocation | B25: Table 9
... A31: Explanatory notes | B31: Explanatory notes

Sheet Table 1
A1: Table 1 Superannuation products by product type and phase
A2: APRA-regulated RSEs with more than six members
B4: Number of products
B5: 44348 | C5: 44440 | D5: 44531 | E5: 44621 | F5: 44713 | G5: 44805 | H5: 44896 | I5: 44986 | J5: 45078 | K5: 45170 | L5: 45261
A6: MySuper | B6: 78 | C6: 78 | D6: 75 | E6: 75 | F6: 69 | G6: 69 | H6: 69 | I6: 69 | J6: 64 | K6: 61 | L6: 60
A7: Choice Product
A8: Accumulation | B8: 585 | C8: 581 | D8: 564 | E8: 562 | F8: 532 | G8: 535 | H8: 527 | I8: 530 | J8: 504 | K8: 500 | L8: 491
A9: Transition to Retirement | B9: 165 | C9: 164 | D9: 160 | E9: 160 | F9: 152 | G9: 153 | H9: 146 | I9: 148 | J9: 142 | K9: 137 | L9: 132
A10: Retirement | B10: 308 | C10: 306 | D10: 292 | E10: 291 | F10: 276 | G10: 281 | H10: 273 | I10: 275 | J10: 261 | K10: 256 | L10: 249
A11: Defined Benefit
A12: Defined Benefit Accumulation | B12: 3 | C12: 3 | D12: 3 | E12: 3 | F12: 3 | G12: 3 | H12: 3 | I12: 3 | J12: 3 | K12: 3 | L12: 3
A13: Defined Benefit Retirement | B13: 3 | C13: 3 | D13: 3 | E13: 3 | F13: 3 | G13: 3 | H13: 3 | I13: 3 | J13: 3 | K13: 3 | L13: 3
A14: Defined Benefit Accumulation and Retirement | B14: 146 | C14: 144 | D14: 144 | E14: 144 | F14: 136 | G14: 136 | H14: 135 | I14: 132 | J14: 122 | K14: 119 | L14: 119
A15: Total | B15: 1288 | C15: 1279 | D15: 1241 | E15: 1238 | F15: 1171 | G15: 1180 | H15: 1156 | I15: 1160 | J15: 1099 | K15: 1079 | L15: 1057
A16: of which: Insurance Only | B16: 103 | C16: 103 | D16: 103 | E16: 102 | F16: 102 | G16: 102 | H16: 102 | I16: 102 | J16: 102 | K16: 101 | L16: 101
A17: of which: Whole of Life or Endowment | B17: 43 | C17: 43 | D17: 43 | E17: 43 | F17: 43 | G17: 43 | H17: 43 | I17: 43 | J17: 52 | K17: 52 | L17: 52
B19: Member assets ($ billion)
B20: 44348 | C20: 44440 | D20: 44531 | E20: 44621 | F20: 44713 | G20: =+G5 -> 44805 | H20: =+H5 -> 44896 | I20: =+I5 -> 44986 | J20: =+J5 -> 45078 | K20: =+K5 -> 45170 | L20: =+L5 -> 45261
A21: MySuper ^ | B21: 806.2 | C21: 831.5 | D21: 861.5 | E21: 845.2 | F21: 803.1 | G21: 805.3 | H21: 836.5 | I21: 875.8 | J21: 905.4 | K21: 912.4 | L21: 955.5
A22: Choice Product
A23: Accumulation | B23: 646 | C23: 651.9 | D23: 684.9 | E23: 673.2 | F23: 634.8 | G23: 632.3 | H23: 660.2 | I23: 679.1 | J23: 690.3 | K23: 687.8 | L23: 717.7
A24: Transition to Retirement | B24: 18 | C24: 14.5 | D24: 14.3 | E24: 12.7 | F24: 11.6 | G24: 11.6 | H24: 11.8 | I24: 12.2 | J24: 12.5 | K24: 14 | L24: 12.6
A25: Retirement | B25: 366.8 | C25: 378.7 | D25: 391.9 | E25: 386.8 | F25: 364 | G25: 366.1 | H25: 382.1 | I25: 397.5 | J25: 400.7 | K25: 407.4 | L25: 426.2
A26: Defined Benefit
A27: Defined Benefit Accumulation | B27: 24.7 | C27: 24.9 | D27: 25.5 | E27: 31.8 | F27: 29.8 | G27: 28.6 | H27: 30.3 | I27: 31.3 | J27: 31.4 | K27: 30.6 | L27: 32.2
A28: Defined Benefit Retirement | B28: 6.1 | C28: 6.1 | D28: 6.3 | E28: 8.9 | F28: 8.7 | G28: 8.4 | H28: 8.7 | I28: 8.9 | J28: 8.9 | K28: 8.6 | L28: 9
A29: Defined Benefit Accumulation and Retirement | B29: 101.2 | C29: 101.2 | D29: 105.3 | E29: 100.5 | F29: 99.6 | G29: 96.8 | H29: 97.6 | I29: 98.5 | J29: 105.3 | K29: 105.2 | L29: 106.6
A30: Total | B30: 1968.9 | C30: 2008.7 | D30: 2089.8 | E30: 2059.1 | F30: 1951.6 | G30: 1949.2 | H30: 2026.8 | I30: 2103 | J30: 2154.5 | K30: 2166 | L30: 2259.9
B32: Number of member accounts ('000)
B33: 44348 | C33: 44440 | D33: 44531 | E33: 44621 | F33: 44713 | G33: =+G20 -> 44805 | H33: =+H20 -> 44896 | I33: =+I20 -> 44986 | J33: =+J20 -> 45078 | K33: =+K20 -> 45170 | L33: =+L20 -> 45261
A34: MySuper ^ | B34: 13355.2 | C34: 13518.9 | D34: 13527.7 | E34: 13706.4 | F34: 13540 | G34: 13783.9 | H34: 13859.5 | I34: 14090.3 | J34: 14209.5 | K34: 14474.4 | L34: 14600
A35: Choice Product
A36: Accumulation | B36: 6640.3 | C36: 6357 | D36: 6695.1 | E36: 6767.9 | F36: 6588.9 | G36: 6133 | H36: 6138.8 | I36: 6090.9 | J36: 6153.9 | K36: 6197.6 | L36: 6095.6
A37: Transition to Retirement | B37: 106.9 | C37: 75.8 | D37: 71.9 | E37: 71 | F37: 70.1 | G37: 65.1 | H37: 64.4 | I37: 63.4 | J37: 63.7 | K37: 62.8 | L37: 61.9
A38: Retirement | B38: 1156.3 | C38: 1134.7 | D38: 1168.4 | E38: 1184.2 | F38: 1204.6 | G38: 1202.9 | H38: 1215.1 | I38: 1252 | J38: 1234.8 | K38: 1243.5 | L38: 1253.2
A39: Defined Benefit
A40: Defined Benefit Accumulation | B40: 90.6 | C40: 90.4 | D40: 89.1 | E40: 86.2 | F40: 83.8 | G40: 81.9 | H40: 80.2 | I40: 78.4 | J40: 76.8 | K40: 75.2 | L40: 74.1
A41: Defined Benefit Retirement | B41: 10.4 | C41: 10.5 | D41: 10.6 | E41: 10.7 | F41: 10.7 | G41: 10.8 | H41: 10.7 | I41: 10.7 | J41: 10.8 | K41: 10.8 | L41: 10.9
A42: Defined Benefit Accumulation and Retirement | B42: 678.9 | C42: 675.1 | D42: 672.5 | E42: 668.3 | F42: 649.9 | G42: 644.9 | H42: 641.6 | I42: 636.9 | J42: 655.2 | K42: 657.8 | L42: 654.4
A43: Total | B43: 22038.6 | C43: 21862.4 | D43: 22235.3 | E43: 22494.7 | F43: 22147.9 | G43: 21922.4 | H43: 21999.4 | I43: 22211.4 | J43: 22404.8 | K43: 22722.1 | L43: 22750
A44: of which: Insurance Only | B44: 669.1 | C44: 677.1 | D44: 675 | E44: 681.9 | F44: 690.5 | G44: 686.6 | H44: 690.4 | I44: 692.7 | J44: 699 | K44: 700.7 | L44: 696.2
A45: of which: Whole of Life or Endowment | B45: 48 | C45: 46.5 | D45: 43.9 | E45: 42.8 | F45: 41.8 | G45: 40.9 | H45: 39.3 | I45: 38.3 | J45: 37.1 | K45: 36 | L45: 34.5
B48: Average member account balance ($ '000)
B49: 44348 | C49: 44440 | D49: 44531 | E49: 44621 | F49: 44713 | G49: =+G33 -> 44805 | H49: =+H33 -> 44896 | I49: =+I33 -> 44986 | J49: =+J33 -> 45078 | K49: =+K33 -> 45170 | L49: =+L33 -> 45261
A50: MySuper ^ | B50: 60 | C50: 62 | D50: 64 | E50: 62 | F50: 59 | G50: 58 | H50: 60 | I50: 62 | J50: 64 | K50: 63 | L50: 65
A51: Choice Product
A52: Accumulation | B52: 97 | C52: 103 | D52: 102 | E52: 99 | F52: 96 | G52: 103 | H52: 108 | I52: 111 | J52: 112 | K52: 111 | L52: 118
A53: Transition to Retirement | B53: 168 | C53: 191 | D53: 198 | E53: 179 | F53: 165 | G53: 178 | H53: 183 | I53: 193 | J53: 196 | K53: 223 | L53: 203
A54: Retirement | B54: 317 | C54: 334 | D54: 335 | E54: 327 | F54: 302 | G54: 304 | H54: 314 | I54: 318 | J54: 324 | K54: 328 | L54: 340
A55: Defined Benefit
A56: Defined Benefit Accumulation | B56: 272 | C56: 275 | D56: 287 | E56: 369 | F56: 356 | G56: 350 | H56: 378 | I56: 399 | J56: 409 | K56: 407 | L56: 435
A57: Defined Benefit Retirement | B57: 584 | C57: 577 | D57: 590 | E57: 839 | F57: 814 | G57: 781 | H57: 814 | I57: 827 | J57: 830 | K57: 793 | L57: 832
A58: Defined Benefit Accumulation and Retirement | B58: 149 | C58: 150 | D58: 157 | E58: 150 | F58: 153 | G58: 150 | H58: 152 | I58: 155 | J58: 161 | K58: 160 | L58: 163
A59: Total | B59: 89 | C59: 92 | D59: 94 | E59: 92 | F59: 88 | G59: 89 | H59: 92 | I59: 95 | J59: 96 | K59: 95 | L59: 99
A61: ^ See explanatory notes on information on MySuper members, assets and investments

Sheet Table 1a
A1: Table 1a Superannuation products by product type, phase and fund type
A2: APRA-regulated RSEs with more than six members
A3: 45261
B4: Number of products
B5: Corporate | C5: Industry | D5: Public Sector | E5: Retail | F5: Total
A6: MySuper | B6: 4 | C6: 23 | D6: 7 | E6: 26 | F6: 60
A7: Choice Product
A8: Accumulation | B8: 17 | C8: 36 | D8: 90 | E8: 348 | F8: 491
A9: Transition to Retirement | B9: 5 | C9: 27 | D9: 9 | E9: 91 | F9: 132
A10: Retirement | B10: 6 | C10: 32 | D10: 19 | E10: 192 | F10: 249
A11: Defined Benefit
A12: Defined Benefit Accumulation | C12: 1 | D12: 2 | F12: 3
A13: Defined Benefit Retirement | B13: 2 | C13: 1 | F13: 3
A14: Defined Benefit Accumulation and Retirement | B14: 10 | C14: 56 | D14: 17 | E14: 36 | F14: 119
A15: Total | B15: 44 | C15: 176 | D15: 144 | E15: 693 | F15: 1057
A16: of which: Insurance Only | D16: 33 | E16: 68 | F16: 101
A17: of which: Whole of Life or Endowment | D17: 12 | E17: 40 | F17: 52
B19: Member assets ($ billion)
B20: Corporate | C20: Industry | D20: Public Sector | E20: Retail | F20: Total
A21: MySuper ^ | B21: 12.9 | C21: 674.9 | D21: 133.2 | E21: 134.6 | F21: 955.5
A22: Choice Product
A23: Accumulation | B23: 16.6 | C23: 311.4 | D23: 63.9 | E23: 325.8 | F23: 717.7
A24: Transition to Retirement | B24: 0.2 | C24: 6.4 | D24: 1.4 | E24: 4.6 | F24: 12.6
A25: Retirement | B25: 8 | C25: 150.5 | D25: 45.8 | E25: 221.9 | F25: 426.2
A26: Defined Benefit
A27: Defined Benefit Accumulation | C27: 32.1 | D27: 0.1 | F27: 32.2
A28: Defined Benefit Retirement | B28: 0 | C28: 9 | F28: 9
A29: Defined Benefit Accumulation and Retirement | B29: 6.8 | C29: 36.3 | D29: 49.2 | E29: 14.3 | F29: 106.6
A30: Total | B30: 44.5 | C30: 1220.6 | D30: 293.7 | E30: 701.1 | F30: 2259.9
B32: Number of member accounts ('000)
B33: Corporate | C33: Industry | D33: Public Sector | E33: Retail | F33: Total
A34: MySuper ^ | B34: 82.6 | C34: 11098.7 | D34: 1293.1 | E34: 2125.5 | F34: 14600
A35: Choice Product
A36: Accumulation | B36: 52.6 | C36: 2296.4 | D36: 394.7 | E36: 3351.9 | F36: 6095.6
A37: Transition to Retirement | B37: 0.7 | C37: 35.1 | D37: 7.3 | E37: 18.8 | F37: 61.9
A38: Retirement | B38: 16.9 | C38: 390.5 | D38: 145.6 | E38: 700.3 | F38: 1253.2
A39: Defined Benefit
A40: Defined Benefit Accumulation | C40: 74 | D40: 0.1 | F40: 74.1
A41: Defined Benefit Retirement | B41: 0.1 | C41: 10.8 | F41: 10.9
A42: Defined Benefit Accumulation and Retirement | B42: 10.9 | C42: 79.2 | D42: 514.9 | E42: 49.5 | F42: 654.4
A43: Total | B43: 163.8 | C43: 13984.5 | D43: 2355.8 | E43: 6245.9 | F43: 22750
A44: of which: Insurance Only | D44: 63.7 | E44: 632.5 | F44: 696.2
A45: of which: Whole of Life or Endowment | D45: 0.4 | E45: 34.1 | F45: 34.5
B48: Average member account balance ($ '000)
B49: Corporate | C49: Industry | D49: Public Sector | E49: Retail | F49: Total
A50: MySuper ^ | B50: 156 | C50: 61 | D50: 103 | E50: 63 | F50: 65
A51: Choice Product
A52: Accumulation | B52: 315 | C52: 136 | D52: 162 | E52: 97 | F52: 118
A53: Transition to Retirement | B53: 320 | C53: 182 | D53: 194 | E53: 244 | F53: 203
A54: Retirement | B54: 473 | C54: 385 | D54: 315 | E54: 317 | F54: 340
A55: Defined Benefit
A56: Defined Benefit Accumulation | C56: 435 | D56: 662 | F56: 435
A57: Defined Benefit Retirement | B57: 133 | C57: 840 | F57: 832
A58: Defined Benefit Accumulation and Retirement | B58: 627 | C58: 458 | D58: 96 | E58: 289 | F58: 163
A59: Total | B59: 272 | C59: 87 | D59: 125 | E59: 112 | F59: 99
A61: ^ See explanatory notes on information on MySuper members, assets and investments

Sheet Table 2
A1: Table 2 MySuper products
A2: APRA-regulated RSEs with more than six members
B4: MySuper products
B5: 44348 | C5: 44440 | D5: 44531 | E5: 44621 | F5: 44713 | G5: =+'Table 1'!G5 -> 44805 | H5: =+'Table 1'!H5 -> 44896 | I5: =+'Table 1'!I5 -> 44986 | J5: =+'Table 1'!J5 -> 45078 | K5: =+'Table 1'!K5 -> 45170 | L5: =+'Table 1'!L5 -> 45261
A6: MySuper products - generic | B6: 64 | C6: 64 | D6: 61 | E6: 60 | F6: 55 | G6: 55 | H6: 52 | I6: 52 | J6: 49 | K6: 48 | L6: 47
A7: MySuper products - material goodwill | B7: 2 | C7: 2 | D7: 2 | E7: 3 | F7: 3 | G7: 3 | H7: 3 | I7: 3 | J7: 2 | K7: 2 | L7: 2
A8: MySuper products - large employer | B8: 12 | C8: 12 | D8: 12 | E8: 12 | F8: 11 | G8: 11 | H8: 14 | I8: 14 | J8: 13 | K8: 11 | L8: 11
A9: Total number of MySuper products | B9: 80 | C9: 78 | D9: 75 | E9: 75 | F9: 69 | G9: 69 | H9: 69 | I9: 69 | J9: 64 | K9: 61 | L9: 60
A10: of which: MySuper products with a lifecycle strategy | B10: 31 | C10: 30 | D10: 30 | E10: 29 | F10: 29 | G10: 30 | H10: 30 | I10: 30 | J10: 27 | K10: 25 | L10: 25
A11: Number of lifecycle stages | B11: 346 | C11: 346 | D11: 338 | E11: 338 | F11: 364 | G11: 364 | H11: 380 | I11: 380 | J11: 343 | K11: 339 | L11: 346
A12: Number of RSEs | B12: 144 | C12: 144 | D12: 142 | E12: 141 | F12: 141 | G12: 116 | H12: 116 | I12: 115 | J12: 110 | K12: 108 | L12: 108
A13: Number of entities offering a MySuper product | B13: 64 | C13: 64 | D13: 61 | E13: 60 | F13: 55 | G13: 55 | H13: 52 | I13: 52 | J13: 49 | K13: 48 | L13: 47
A14: Proportion of entities offering a MySuper product | B14: 0.44444444 | C14: 0.44444444 | D14: 0.42957746 | E14: 0.42553191 | F14: 0.39007092 | G14: 0.47413793 | H14: 0.44827586 | I14: 0.45217391 | J14: 0.44545455 | K14: 0.44444444 | L14: 0.43518519
A15: Number of entities offering more than one MySuper product | B15: 7 | C15: 7 | D15: 7 | E15: 8 | F15: 8 | G15: 8 | H15: 9 | I15: 9 | J15: 7 | K15: 6 | L15: 6
B17: MySuper member assets ($ billion)
B18: 44348 | C18: 44440 | D18: 44531 | E18: 44621 | F18: 44713 | G18: =+G5 -> 44805 | H18: =+H5 -> 44896 | I18: =+I5 -> 44986 | J18: =+J5 -> 45078 | K18: =+K5 -> 45170 | L18: =+L5 -> 45261
A19: Members with 100 per cent MySuper interest
A20: MySuper products - generic | B20: 765.2 | C20: 786.5 | D20: 815.4 | E20: 749.2 | F20: 710.4 | G20: 712 | H20: 737.8 | I20: 772.9 | J20: 826 | K20: 833.2 | L20: 872.3
A21: MySuper products - material goodwill | B21: 17.3 | C21: 17.9 | D21: 18.7 | E21: 72 | F21: 70.3 | G21: 71.2 | H21: 73.6 | I21: 77.1 | J21: 62.2 | K21: 65.2 | L21: 74.3
A22: MySuper products - large employer | B22: 23.7 | C22: 27.1 | D22: 27.4 | E22: 24 | F22: 22.4 | G22: 22.1 | H22: 24.7 | I22: 25.4 | J22: 17.2 | K22: 13.9 | L22: 8.9
A23: Total member assets in MySuper products | B23: 806.2 | C23: 831.5 | D23: 861.5 | E23: 845.2 | F23: 803.1 | G23: 805.3 | H23: 836.5 | I23: 875.8 | J23: 905.4 | K23: 912.4 | L23: 955.5
A24: of which: MySuper products with a lifecycle strategy | B24: 325.5 | C24: 335.3 | D24: 346.7 | E24: 338.8 | F24: 316.9 | G24: 316.3 | H24: 320.4 | I24: 336.6 | J24: 337.7 | K24: 340.2 | L24: 362.4
A25: Total RSE member assets | B25: 1968.9 | C25: 2008.7 | D25: 2089.8 | E25: 2059.1 | F25: 1951.6 | G25: 1949.2 | H25: 2026.8 | I25: 2103 | J25: 2154.5 | K25: 2166 | L25: 2259.9
A26: Proportion of member assets in a MySuper product | B26: 0.409 | C26: 0.414 | D26: 0.412 | E26: 0.41 | F26: 0.411 | G26: 0.413 | H26: 0.413 | I26: 0.416 | J26: 0.42 | K26: 0.421 | L26: 0.423
B28: Number of member accounts ('000)
A29: Members with 100 per cent MySuper interest | B29: 44348 | C29: 44440 | D29: 44531 | E29: 44621 | F29: 44713 | G29: =+G18 -> 44805 | H29: =+H18 -> 44896 | I29: =+I18 -> 44986 | J29: =+J18 -> 45078 | K29: =+K18 -> 45170 | L29: =+L18 -> 45261
A30: MySuper products - generic | B30: 13223 | C30: 13379.5 | D30: 13361.9 | E30: 12421.4 | F30: 12193.3 | G30: 12393.6 | H30: 12449.1 | I30: 12626.4 | J30: 12753 | K30: 12982 | L30: 13112.7
A31: MySuper products - material goodwill | B31: 215 | C31: 214.1 | D31: 213.8 | E31: 1380 | F31: 1416.9 | G31: 1463.5 | H31: 1462.5 | I31: 1509.2 | J31: 1318.2 | K31: 1378.2 | L31: 1417.1
A32: MySuper products - large employer | B32: 175.4 | C32: 130.7 | D32: 128.7 | E32: 128 | F32: 126.6 | G32: 123.1 | H32: 140.6 | I32: 146.7 | J32: 138.3 | K32: 114.3 | L32: 70.1
A33: Total members in MySuper products | B33: 13355.2 | C33: 13518.9 | D33: 13527.7 | E33: 13706.4 | F33: 13540 | G33: 13783.9 | H33: 13859.5 | I33: 14090.3 | J33: 14209.5 | K33: 14474.4 | L33: 14600
A34: of which: MySuper products with a lifecycle strategy | B34: 5219.7 | C34: 5349.9 | D34: 5321.4 | E34: 5322.4 | F34: 5240.7 | G34: 4977.1 | H34: 4867.1 | I34: 4882.2 | J34: 4762 | K34: 4825.6 | L34: 4850.6
A35: Total RSE member accounts | B35: 22038.6 | C35: 21862.4 | D35: 22235.3 | E35: 22494.7 | F35: 22147.9 | G35: 21922.4 | H35: 21999.4 | I35: 22211.4 | J35: 22404.8 | K35: 22722.1 | L35: 22750
A36: Proportion of members in a MySuper product | B36: 0.606 | C36: 0.618 | D36: 0.608 | E36: 0.609 | F36: 0.611 | G36: 0.629 | H36: 0.63 | I36: 0.634 | J36: 0.634 | K36: 0.637 | L36: 0.642
B38: Average member account balance ($ '000)
A39: Members with 100 per cent MySuper interest | B39: 44348 | C39: 44440 | D39: 44531 | E39: 44621 | F39: 44713 | G39: =+G29 -> 44805 | H39: =+H29 -> 44896 | I39: =+I29 -> 44986 | J39: =+J29 -> 45078 | K39: =+K29 -> 45170 | L39: =+L29 -> 45261
A40: MySuper products - generic | B40: 58 | C40: 59 | D40: 61 | E40: 60 | F40: 58 | G40: 57 | H40: 59 | I40: 61 | J40: 65 | K40: 64 | L40: 67
A41: MySuper products - material goodwill | B41: 80 | C41: 84 | D41: 87 | E41: 52 | F41: 50 | G41: 49 | H41: 50 | I41: 51 | J41: 47 | K41: 47 | L41: 52
A42: MySuper products - large employer | B42: 135 | C42: 207 | D42: 213 | E42: 187 | F42: 177 | G42: 179 | H42: 176 | I42: 173 | J42: 125 | K42: 122 | L42: 127
A43: All MySuper products | B43: 60 | C43: 62 | D43: 64 | E43: 62 | F43: 59 | G43: 58 | H43: 60 | I43: 62 | J43: 64 | K43: 63 | L43: 65
A44: of which: MySuper products with a lifecycle strategy | B44: 62 | C44: 63 | D44: 65 | E44: 64 | F44: 60 | G44: 64 | H44: 66 | I44: 69 | J44: 71 | K44: 70 | L44: 75

Sheet Table 3
A1: Table 3 Choice products - Investment options by category type
A2: APRA-regulated RSEs with more than six members
A3: 45261
B4: Investment Option Count
B6: Accumulation | C6: Transition to retirement | D6: Retirement | E6: Total
A7: All choice products
A9: Single Sector | B9: 15794 | C9: 6541 | D9: 13443 | E9: 35778
A10: Multi Sector | B10: 6124 | C10: 2902 | D10: 5227 | E10: 14253
A11: Direct Assets, of which: | B11: 50646 | C11: 31968 | D11: 48973 | E11: 131587
A12: Direct Cash Account | B12: 92 | C12: 41 | D12: 79 | E12: 212
A13: Direct Term Deposit | B13: 11340 | C13: 10698 | D13: 11334 | E13: 33372
A14: Direct Fixed Income Instrument | B14: 295 | C14: 165 | D14: 263 | E14: 723
A15: Direct Shares | B15: 36719 | C15: 20071 | D15: 35224 | E15: 92014
A16: Direct Hybrid Security | B16: 1342 | C16: 890 | D16: 1319 | E16: 3551
A17: Other Direct Assets | B17: 858 | C17: 103 | D17: 754 | E17: 1715
A18: Annuity | B18: 75 | D18: 83 | E18: 158
A19: Total | B19: 72639 | C19: 41411 | D19: 67726 | E19: 181776
B21: Member assets ($ million)
B23: Accumulation | C23: Transition to retirement | D23: Retirement | E23: Total
A24: All choice products
A26: Single Sector | B26: 196741 | C26: 2716 | D26: 117072 | E26: 316529
A27: Multi Sector | B27: 484373 | C27: 9458 | D27: 278032 | E27: 771863
A28: Direct Assets, of which: | B28: 35749 | C28: 419 | D28: 30531 | E28: 66699
A29: Direct Cash Account | B29: 16296 | C29: 188 | D29: 9924 | E29: 26409
A30: Direct Term Deposit | B30: 4834 | C30: 63 | D30: 7173 | E30: 12069
A31: Direct Fixed Income Instrument | B31: 55 | C31: 1 | D31: 83 | E31: 139
A32: Direct Shares | B32: 12284 | C32: 151 | D32: 12029 | E32: 24464
A33: Direct Hybrid Security | B33: 678 | C33: 15 | D33: 1243 | E33: 1935
A34: Other Direct Assets | B34: 1602 | C34: 2 | D34: 80 | E34: 1683
A35: Annuity | B35: 410 | D35: 528 | E35: 938
A36: Total | B36: 717273 | C36: 12593 | D36: 426164 | E36: 1156030
B38: Number of member Accounts ('000)
B40: Accumulation | C40: Transition to retirement | D40: Retirement | E40: Total
A41: All choice products
A43: Single Sector | B43: 5474.7 | C43: 82 | D43: 3230.9 | E43: 8787.7
A44: Multi Sector | B44: 6129.8 | C44: 80.3 | D44: 1728.4 | E44: 7938.5
A45: Direct Assets, of which: | B45: 1878.9 | C45: 16.6 | D45: 816.5 | E45: 2712
A46: Direct Cash Account | B46: 935.6 | C46: 9 | D46: 414.4 | E46: 1359
A47: Direct Term Deposit | B47: 45.4 | C47: 0.8 | D47: 76.3 | E47: 122.5
A48: Direct Fixed Income Instrument | B48: 1.6 | C48: 0 | D48: 1.9 | E48: 3.5
A49: Direct Shares | B49: 333.2 | C49: 6 | D49: 287.8 | E49: 627
A50: Direct Hybrid Security | B50: 20 | C50: 0.6 | D50: 31.3 | E50: 52
A51: Other Direct Assets | B51: 543.1 | C51: 0.1 | D51: 4.7 | E51: 547.9
A52: Annuity | B52: 17.2 | D52: 6.4 | E52: 23.6

Sheet Table 4
A1: Table 4 Choice products - Investment options by product phase
A2: APRA-regulated RSEs with more than six members
A3: 45261
B4: Count of investment option type
B6: Accumulation | C6: Transition to retirement | D6: Retirement | E6: Total
A9: Multi Manager | B9: 3123 | C9: 1658 | D9: 2809 | E9: 7590
A10: of which: number of options with a lifecycle strategy | B10: 179 | C10: 37 | D10: 45 | E10: 261
A11: of which: via platform | B11: 2204 | C11: 1208 | D11: 2056 | E11: 5468
A13: Exchange Traded Product | B13: 8547 | C13: 1833 | D13: 7339 | E13: 17719
A14: of which: via platform | B14: 8542 | C14: 1833 | D14: 7336 | E14: 17711
A16: Listed Investment Company | B16: 690 | C16: 290 | D16: 608 | E16: 1588
A17: of which: via platform | B17: 689 | C17: 290 | D17: 607 | E17: 1586
A19: Single manager - other listed | B19: 3282 | C19: 182 | D19: 3070 | E19: 6534
A20: of which: via platform | B20: 3243 | C20: 164 | D20: 3048 | E20: 6455
A22: Single manager - unlisted | B22: 11075 | C22: 4709 | D22: 9893 | E22: 25677
A23: of which: number of options with a lifecycle strategy | B23: 0 | C23: 0 | D23: 36 | E23: 36
A24: of which: via platform | B24: 10396 | C24: 4440 | D24: 9110 | E24: 23946
... A37: of which: via platform | B37: 0 | C37: 0 | D37: 0 | E37: 0
B40: Member Assets ($ million)
B41: Accumulation | C41: Transition to retirement | D41: Retirement | E41: Total
A43: Multi Manager | B43: 505514 | C43: 9148 | D43: 255115 | E43: 769777
A44: of which: number of options with a lifecycle strategy | B44: 10174 | C44: 233 | D44: 2237 | E44: 12643
A45: of which: via platform | B45: 33392 | C45: 652 | D45: 32816 | E45: 66860
A47: Exchange Traded Product | B47: 11613 | C47: 227 | D47: 9650 | E47: 21490
A48: of which: via platform | B48: 11559 | C48: 227 | D48: 9633 | E48: 21419
A50: Listed Investment Company | B50: 852 | C50: 18 | D50: 1160 | E50: 2030
A51: of which: via platform | B51: 850 | C51: 18 | D51: 1159 | E51: 2027
A53: Single manager - other listed | B53: 12022 | C53: 114 | D53: 3407 | E53: 15543
A54: of which: via platform | B54: 1244 | C54: 9 | D54: 1002 | E54: 2254
A56: Single manager - unlisted | B56: 138836 | C56: 2218 | D56: 106483 | E56: 247537
A57: of which: number of options with a lifecycle strategy | B57: 0 | C57: 0 | D57: 0 | E57: 0
A58: of which: via platform | B58: 66900 | C58: 1325 | D58: 70108 | E58: 138332
... A70: of which: via platform | B70: 0 | C70: 0 | D70: 0 | E70: 0

Sheet Table 5
A1: Table 5 Member accounts
A2: Total industry
B4: ('000)
B5: Jun 2015 | C5: Jun 2016 | D5: Jun 2017 | E5: Jun 2018 | F5: Jun 2019 | G5: Jun 2020 | H5: 44348 | I5: 44440 | J5: 44531 | K5: 44621 | L5: 44713 | M5: =+'Table 2'!G5 -> 44805 | N5: =+'Table 2'!H5 -> 44896 | O5: =+'Table 2'!I5 -> 44986 | P5: =+'Table 2'!J5 -> 45078 | Q5: =+'Table 2'!K5 -> 45170 | R5: =+'Table 2'!L5 -> 45261
A6: By fund type
A7: Corporate funds | B7: 346 | C7: 340 | D7: 329 | E7: 294 | F7: 286 | G7: 276 | H7: 252 | I7: 248 | J7: 246 | K7: 246 | L7: 244 | M7: 244 | N7: 224 | O7: 224 | P7: 221 | Q7: 221 | R7: 161
A8: Industry funds | B8: 11303 | C8: 11082 | D8: 11148 | E8: 11430 | F8: 11348 | G8: 11326 | H8: 11305 | I8: 11340 | J8: 11362 | K8: 12190 | L8: 12437 | M8: 12719 | N8: 12848 | O8: 13123 | P8: 13344 | Q8: 13585 | R8: 13696
A9: Public sector funds | B9: 3524 | C9: 3533 | D9: 3570 | E9: 3536 | F9: 3601 | G9: 3538 | H9: 3546 | I9: 3618 | J9: 3632 | K9: 3210 | L9: 2979 | M9: 2995 | N9: 3007 | O9: 3025 | P9: 3133 | Q9: 3145 | R9: 3153
A10: Retail funds | B10: 13751 | C10: 12978 | D10: 12311 | E10: 11398 | F10: 11125 | G10: 8149 | H10: 6969 | I10: 6884 | J10: 6768 | K10: 6769 | L10: 6621 | M10: 6545 | N10: 6503 | O10: 6470 | P10: 6324 | Q10: 6270 | R10: 6240
A11: Small funds a | B11: 990 | C11: 1025 | D11: 1053 | E11: 1048 | F11: 1052 | G11: 1059 | H11: 1074 | I11: 1074 | J11: 1074 | K11: 1074 | L11: 1088 | M11: 1088 | N11: 1088 | O11: 1088 | P11: 1133 | Q11: 1133 | R11: 1133
A12: Total industry | B12: 29914 | C12: 28958 | D12: 28411 | E12: 27706 | F12: 27412 | G12: 24348 | H12: 23146 | I12: 23164 | J12: 23082 | K12: 23489 | L12: 23369 | M12: 23591 | N12: 23670 | O12: 23930 | P12: 24155 | Q12: 24354 | R12: 24383
A13: By regulatory classification APRA-regulated
A14: Public offer | B14: 22224 | C14: 21637 | D14: 21962 | E14: 22506 | F14: 22183 | G14: 20759 | H14: 20297 | I14: 20324 | J14: 20314 | K14: 20509 | L14: 20613 | M14: 20832 | N14: 20927 | O14: 21179 | P14: 21369 | Q14: 21567 | R14: 21659
A15: Non-public offer | B15: 2278 | C15: 2231 | D15: 1728 | E15: 1010 | F15: 961 | G15: 921 | H15: 898 | I15: 889 | J15: 886 | K15: 889 | L15: 860 | M15: 861 | N15: 846 | O15: 850 | P15: 844 | Q15: 844 | R15: 785
A16: Eligible rollover funds | B16: 3496 | C16: 3135 | D16: 2751 | E16: 2291 | F16: 2377 | G16: 784 | H16: 59 | I16: 56
A17: Multi-member approved deposit funds | B17: 5 | C17: 4 | D17: 3 | E17: 3 | F17: 2 | G17: 0
A18: Small APRA funds | B18: 4 | C18: 4 | D18: 4 | E18: 4 | F18: 3 | G18: 3 | H18: 3 | I18: 3 | J18: 3 | K18: 3 | L18: 3 | M18: 3 | N18: 3 | O18: 3 | P18: 2 | Q18: 2 | R18: 2
A19: of which: single member approved deposit funds
A20: Total APRA-regulated | B20: 28007 | C20: 27011 | D20: 26448 | E20: 25814 | F20: 25526 | G20: 22467 | H20: 21257 | I20: 21272 | J20: 21203 | K20: 21401 | L20: 21476 | M20: 21696 | N20: 21776 | O20: 22032 | P20: 22215 | Q20: 22413 | R20: 22446
A21: ATO-regulated
A22: Self-managed superannuation funds | B22: 986 | C22: 1021 | D22: 1050 | E22: 1045 | F22: 1049 | G22: 1056 | H22: 1071 | I22: 1071 | J22: 1071 | K22: 1071 | L22: 1085 | M22: 1085 | N22: 1085 | O22: 1085 | P22: 1131 | Q22: 1131 | R22: 1131
A23: Other regulated
A24: Exempt public sector superannuation schemes | B24: 921 | C24: 925 | D24: 913 | E24: 850 | F24: 837 | G24: 825 | H24: 818 | I24: 821 | J24: 809 | K24: 804 | L24: 809 | M24: 810 | N24: 810 | O24: 812 | P24: 810 | Q24: 810 | R24: 806
A25: Total industry | B25: =B20+B22+B24 -> 29914 | C25: =C20+C22+C24 -> 28957 | D25: =D20+D22+D24 -> 28411 | E25: =E20+E22+E24 -> 27709 | F25: =F20+F22+F24 -> 27412 | G25: =G20+G22+G24 -> 24348 | H25: =H20+H22+H24 -> 23146 | I25: =I20+I22+I24 -> 23164 | ... R25: =R20+R22+R24 -> 24383
A28: a Self-managed superannuation funds and small APRA funds, including single member approved deposit funds.

Sheet Table 6
A1: Table 6 Membership profile by account type
A2: Entities with more than six members
B4: Jun 2015 | C4: Jun 2016 | D4: Jun 2017 | E4: Jun 2018 | F4: Jun 2019 | G4: Jun 2020 | H4: 44348 | I4: 44440 | J4: 44531 | K4: 44621 | L4: 44713 | M4: =+'Table 5'!M5 -> 44805 | N4: =+'Table 5'!N5 -> 44896 | O4: =+'Table 5'!O5 -> 44986 | P4: =+'Table 5'!P5 -> 45078 | Q4: =+'Table 5'!Q5 -> 45170 | R4: =+'Table 5'!R5 -> 45261
B5: Number of member accounts ('000)
A7: Total | B7: 28924 | C7: 27932 | D7: 27358 | E7: 26660 | F7: 26360 | G7: 23289 | H7: 21591 | I7: 21738 | J7: 21658 | K7: 22063 | L7: 21931 | M7: 22151 | N7: 22231 | O7: 22762 | P7: 22942 | Q7: 23141 | R7: 23170
A8: of which:
A9: MySuper | B9: 14602 | C9: 14954 | D9: 15503 | E9: 15520 | F9: 15193 | G9: 14555 | H9: 13301 | I9: 13464 | J9: 13383 | K9: 13631 | L9: 13544 | M9: 13528 | N9: 13884 | O9: 14111 | P9: 14258 | Q9: 14473 | R9: 14601
A10: By member account status
A11: Active member account | B11: 17730 | C11: 17433 | D11: 18129 | E11: 18423 | F11: 19171 | G11: 19364 | H11: 17257 | I11: 16863 | J11: 17245 | K11: 17702 | L11: 17797 | M11: 17156 | N11: 17942 | O11: 18548 | P11: 19204 | Q11: 19181 | R11: 19122
A12: Inactive member account | B12: 10155 | C12: 9612 | D12: 8872 | E12: 7887 | F12: 6869 | G12: 3695 | H12: 4334 | I12: 4876 | J12: 4412 | K12: 4362 | L12: 4134 | M12: 4995 | N12: 4290 | O12: 4215 | P12: 3738 | Q12: 3960 | R12: 4048
A13: Lost member account | B13: 638 | C13: 483 | D13: 356 | E13: 350 | F13: 320 | G13: 230
A14: Total | B14: 28924 | C14: 27932 | D14: 27358 | E14: 26660 | F14: 26360 | G14: 23289 | H14: 21591 | I14: 21738 | J14: 21658 | K14: 22063 | L14: 21931 | M14: 22151 | N14: 22231 | O14: 22762 | P14: 22942 | Q14: 23141 | R14: 23170
B17: Members' benefits ($ million)
A18: Total | B18: 1491415 | C18: 1559820 | D18: 1727510 | E18: 1874055 | F18: 2018321 | G18: 2023914 | H18: 2283809 | I18: 2339383 | J18: 2390177 | K18: 2396137 | L18: 2283271 | M18: 2279161 | N18: 2357163 | O18: 2470657 | P18: 2532160 | Q18: 2549785 | R18: 2649522
A19: of which:
A20: MySuper | B20: 412271 | C20: 457252 | D20: 571481 | E20: 647729 | F20: 718935 | G20: 705264 | H20: 804281 | I20: 826548 | J20: 857088 | K20: 840790 | L20: 805746 | M20: 798204 | N20: 835956 | O20: 875195 | P20: 909688 | Q20: 912217 | R20: 955722
A21: By member account status
A22: Active member account | B22: 1262507 | C22: 1320279 | D22: 1515185 | E22: 1650057 | F22: 1777627 | G22: 1812761 | H22: 1973942 | I22: 1994356 | J22: 2046399 | K22: 2094357 | L22: 2010082 | M22: 1954040 | N22: 2045029 | O22: 2167468 | P22: 2248771 | Q22: 2261875 | R22: 2323971
A23: Inactive member account | B23: 125182 | C23: 134990 | D23: 203704 | E23: 214432 | F23: 231566 | G23: 202807 | H23: 309867 | I23: 345028 | J23: 343778 | K23: 301780 | L23: 273189 | M23: 325121 | N23: 312134 | O23: 303189 | P23: 283389 | Q23: 287910 | R23: 325551
A24: Lost member account | B24: 7726 | C24: 8551 | D24: 8621 | E24: 9567 | F24: 9127 | G24: 8346
A25: Total | B25: 1491415 | C25: 1559820 | D25: 1727510 | E25: 1874055 | F25: 2018321 | G25: 2023914 | H25: 2283809 | I25: 2339383 | J25: 2390177 | K25: 2396137 | L25: 2283271 | M25: 2279161 | N25: 2357163 | O25: 2470657 | P25: 2532160 | Q25: 2549785 | R25: 2649522
B26: Average account balance ($)
A27: Total | B27: 51563 | C27: 55843 | D27: 63146 | E27: 70296 | F27: 76567 | G27: 86903 | H27: 105776 | I27: 107615 | J27: 110362 | K27: 108602 | L27: 104112 | M27: 102892 | N27: 106028 | O27: 108543 | P27: 110371 | Q27: 110186 | R27: 114354
A29: MySuper | B29: 28234 | C29: 30577 | D29: 36862 | E29: 41735 | F29: 47321 | G29: 48457 | H29: 60467 | I29: 61389 | J29: 64045 | K29: 61684 | L29: 59489 | M29: 59004 | N29: 60211 | O29: 62022 | P29: 63802 | Q29: 63029 | R29: 65456
A30: By member account status
A31: Active member account | B31: 71209 | C31: 75736 | D31: 83576 | E31: 89565 | F31: 92726 | G31: 93615 | H31: 114383.24 | I31: 118269.43 | J31: 118662.83 | K31: 118313.1 | L31: 112946.43 | M31: 113897.96 | N31: 113981.74 | O31: 116859.96 | P31: 117096.81 | Q31: 117922.7 | R31: 121536.97
A32: Inactive member account | B32: 12327 | C32: 14045 | D32: 22960 | E32: 27188 | F32: 33712 | G32: 54884 | H32: 71503 | I32: 70766 | J32: 77919 | K32: 69190 | L32: 66083 | M32: 65091 | N32: 72764 | O32: 71939 | P32: 75813 | Q32: 72710 | R32: 80422
A33: Lost member account | B33: 12109 | C33: 17708 | D33: 24216 | E33: 27358 | F33: 28482 | G33: 36271
A34: Total | B34: 51563 | C34: 55843 | D34: 63146 | E34: 70296 | F34: 76567 | G34: 86903 | H34: 105776 | I34: 107615 | J34: 110362 | K34: 108602 | L34: 104112 | M34: 102892 | N34: 106028 | O34: 108543 | P34: 110371 | Q34: 110186 | R34: 114354
A37: Corporate | B37: Jun 2015 | C37: Jun 2016 | D37: Jun 2017 | E37: Jun 2018 | F37: Jun 2019 | G37: Jun 2020 | H37: 44348 | I37: 44440 | J37: 44531 | K37: 44621 | L37: 44713 | M37: =+M4 -> 44805 | N37: =+N4 -> 44896 | O37: =+O4 -> 44986 | P37: =+P4 -> 45078 | Q37: =+Q4 -> 45170 | R37: =+R4 -> 45261
B39: Number of member accounts ('000)
A41: Total | B41: 346 | C41: 340 | D41: 329 | E41: 294 | F41: 286 | G41: 276 | H41: 249 | I41: 248 | J41: 246 | K41: 246 | L41: 244 | M41: 244 | N41: 224 | O41: 224 | P41: 221 | Q41: 221 | R41: 161
A42: of which:
A43: MySuper | B43: 211 | C43: 216 | D43: 211 | E43: 187 | F43: 182 | G43: 172 | H43: 145 | I43: 145 | J43: 144 | K43: 119 | L43: 142 | M43: 142 | N43: 128 | O43: 128 | P43: 127 | Q43: 126 | R43: 83
A44: By member account status
A45: Active member account | B45: 289 | C45: 283 | D45: 276 | E45: 253 | F45: 243 | G45: 243 | H45: 197 | I45: 196 | J45: 195 | K45: 192 | L45: 191 | M45: 190 | N45: 174 | O45: 173 | P45: 171 | Q45: 171 | R45: 122
A46: Inactive member account | B46: 53 | C46: 51 | D46: 48 | E46: 37 | F46: 41 | G46: 32 | H46: 52 | I46: 52 | J46: 52 | K46: 53 | L46: 52 | M46: 53 | N46: 51 | O46: 51 | P46: 50 | Q46: 50 | R46: 39
A47: Lost member account | B47: 4 | C47: 5 | D47: 5 | E47: 4 | F47: 2 | G47: 2
A48: Total | B48: 346 | C48: 340 | D48: 329 | E48: 294 | F48: 286 | G48: 276 | H48: 249 | I48: 248 | J48: 246 | K48: 246 | L48: 244 | M48: 244 | N48: 224 | O48: 224 | P48: 221 | Q48: 221 | R48: 161
B50: Members' benefits ($ million)
A51: Total | B51: 50655 | C51: 51812 | D51: 55190 | E51: 52463 | F51: 54619 | G51: 54511 | H51: 56840 | I51: 57323 | J51: 57955 | K51: 56351 | L51: 53971 | M51: 53168 | N51: 51998 | O51: 52988 | P51: 53590 | Q51: 53198 | R51: 44476
A52: of which:
A53: MySuper | B53: 16590 | C53: 18323 | D53: 20301 | E53: 18846 | F53: 19918 | G53: 19520 | H53: 19515 | I53: 19767 | J53: 19921 | K53: 16565 | L53: 18206 | M53: 18119 | N53: 17277 | O53: 17754 | P53: 18055 | Q53: 17903 | R53: 12873
A54: By member account status
A55: Active member account | B55: 46204 | C55: 46998 | D55: 50026 | E55: 48446 | F55: 49651 | G55: 49929 | H55: 47572 | I55: 48060 | J55: 48489 | K55: 46933 | L55: 44974 | M55: 44176 | N55: 42788 | O55: 43384 | P55: 44227 | Q55: 44064 | R55: 36401
A56: Inactive member account | B56: 4332 | C56: 4574 | D56: 4913 | E56: 3820 | F56: 4848 | G56: 4468 | H56: 9268 | I56: 9262 | J56: 9466 | K56: 9418 | L56: 8997 | M56: 8993 | N56: 9210 | O56: 9604 | P56: 9363 | Q56: 9134 | R56: 8075
A57: Lost member account | B57: 120 | C57: 239 | D57: 252 | E57: 196 | F57: 119 | G57: 114
A58: Total | B58: 50655 | C58: 51812 | D58: 55190 | E58: 52463 | F58: 54619 | G58: 54511 | H58: 56840 | I58: 57323 | J58: 57955 | K58: 56351 | L58: 53971 | M58: 53168 | N58: 51998 | O58: 52988 | P58: 53590 | Q58: 53198 | R58: 44476
B59: Average account balance ($)
A60: Total | B60: 146468 | C60: 152415 | D60: 167953 | E60: 178170 | F60: 191047 | G60: 197275 | H60: 228359 | I60: 230890 | J60: 235129 | K60: 229465 | L60: 221337 | M60: 218340 | N60: 231720 | O60: 236792 | P60: 243001 | Q60: 240957 | R60: 276143
A62: MySuper | B62: 78457 | C62: 84719 | D62: 96349 | E62: 100696 | F62: 109376 | G62: 113244 | H62: 134605 | I62: 136251 | J62: 138642 | K62: 139087 | L62: 128303 | M62: 127625 | N62: 135170 | O62: 139090 | P62: 142667 | Q62: 141697 | R62: 155783
A63: By member account status
A64: Active member account | B64: 159762 | C64: 165882 | D64: 181265 | E64: 191349 | F64: 204403 | G64: 205834 | H64: 241396.47 | I64: 244728.17 | J64: 249025.01 | K64: 243931.8 | L64: 234959.88 | M64: 231994.7 | N64: 246218.06 | O64: 251278.57 | P64: 258890.47 | Q64: 258301.05 | R64: 297580.5
A65: Inactive member account | B65: 82185 | C65: 88916 | D65: 102642 | E65: 102296 | F65: 118139 | G65: 139880 | H65: 178792 | I65: 178512 | J65: 182859 | K65: 177118 | L65: 171601 | M65: 169370 | N65: 181948 | O65: 187866 | P65: 188386 | Q65: 182001 | R65: 208452
A66: Lost member account | B66: 30396 | C66: 46305 | D66: 52893 | E66: 49995 | F66: 61334 | G66: 62851
A67: Total | B67: 146468 | C67: 152415 | D67: 167953 | E67: 178170 | F67: 191047 | G67: 197275 | H67: 228359 | I67: 230890 | J67: 235129 | K67: 229465 | L67: 221337 | M67: 218340 | N67: 231720 | O67: 236792 | P67: 243001 | Q67: 240957 | R67: 276143
A70: Industry | B70: Jun 2015 | C70: Jun 2016 | D70: Jun 2017 | E70: Jun 2018 | F70: Jun 2019 | G70: Jun 2020 | H70: 44348 | I70: 44440 | J70: 44531 | K70: 44621 | L70: 44713 | M70: =+M37 -> 44805 | N70: =+N37 -> 44896 | O70: =+O37 -> 44986 | P70: =+P37 -> 45078 | Q70: =+Q37 -> 45170 | R70: =+R37 -> 45261
B72: Number of member accounts ('000)
A74: Total | B74: 11303 | C74: 11082 | D74: 11148 | E74: 11430 | F74: 11348 | G74: 11326 | H74: 11178 | I74: 11340 | J74: 11362 | K74: 12190 | L74: 12437 | M74: 12719 | N74: 12848 | O74: 13123 | P74: 13344 | Q74: 13585 | R74: 13696
A75: of which:
A76: MySuper | B76: 9744 | C76: 9754 | D76: 9746 | E76: 9912 | F76: 9735 | G76: 9495 | H76: 9060 | I76: 9176 | J76: 9190 | K76: 9885 | L76: 9908 | M76: 9888 | N76: 10269 | O76: 10487 | P76: 10689 | Q76: 10919 | R76: 11097
A77: By member account status
A78: Active member account | B78: 7917 | C78: 8092 | D78: 8464 | E78: 8694 | F78: 9110 | G78: 9852 | H78: 9327 | I78: 9015 | J78: 9949 | K78: 10369 | L78: 10665 | M78: 10225 | N78: 11009 | O78: 11258 | P78: 11579 | Q78: 11610 | R78: 11710
A79: Inactive member account | B79: 3189 | C79: 2835 | D79: 2593 | E79: 2641 | F79: 2127 | G79: 1431 | H79: 1851 | I79: 2325 | J79: 1413 | K79: 1821 | L79: 1772 | M79: 2494 | N79: 1838 | O79: 1866 | P79: 1765 | Q79: 1975 | R79: 1986
A80: Lost member account | B80: 197 | C80: 155 | D80: 91 | E80: 95 | F80: 111 | G80: 43
A81: Total | B81: 11303 | C81: 11082 | D81: 11148 | E81: 11430 | F81: 11348 | G81: 11326 | H81: 11178 | I81: 11340 | J81: 11362 | K81: 12190 | L81: 12437 | M81: 12719 | N81: 12848 | O81: 13123 | P81: 13344 | Q81: 13585 | R81: 13696
B83: Members' benefits ($ million)
A84: Total | B84: 404475 | C84: 436976 | D84: 511264 | E84: 592502 | F84: 675610 | G84: 699896 | H84: 840856 | I84: 868248 | J84: 899313 | K84: 1018149 | L84: 1002254 | M84: 1005402 | N84: 1047398 | O84: 1091592 | P84: 1134796 | Q84: 1145244 | R84: 1207818
A85: of which:
A86: MySuper | B86: 268185 | C86: 286245 | D86: 335688 | E86: 386172 | F86: 433711 | G86: 426660 | H86: 492266 | I86: 504981 | J86: 526961 | K86: 572477 | L86: 551991 | M86: 546986 | N86: 578746 | O86: 604871 | P86: 634117 | Q86: 639054 | R86: 674869
A87: By member account status
A88: Active member account | B88: 357930 | C88: 387850 | D88: 456343 | E88: 535578 | F88: 615213 | G88: 648698 | H88: 706695 | I88: 710466 | J88: 820677 | K88: 912386 | L88: 901505 | M88: 873294 | N88: 938089 | O88: 979743 | P88: 1024789 | Q88: 1028441 | R88: 1084728
A89: Inactive member account | B89: 44439 | C89: 47025 | D89: 52997 | E89: 54880 | F89: 58108 | G89: 50422 | H89: 134161 | I89: 157782 | J89: 78636 | K89: 105762 | L89: 100749 | M89: 132108 | N89: 109309 | O89: 111849 | P89: 110007 | Q89: 116803 | R89: 123090
A90: Lost member account | B90: 2105 | C90: 2101 | D90: 1924 | E90: 2044 | F90: 2289 | G90: 776
A91: Total | B91: 404475 | C91: 436976 | D91: 511264 | E91: 592502 | F91: 675610 | G91: 699896 | H91: 840856 | I91: 868248 | J91: 899313 | K91: 1018149 | L91: 1002254 | M91: 1005402 | N91: 1047398 | O91: 1091592 | P91: 1134796 | Q91: 1145244 | R91: 1207818
B92: Average account balance ($)
A93: Total | B93: 35786 | C93: 39432 | D93: 45864 | E93: 51838 | F93: 59534 | G93: 61795 | H93: 75221 | I93: 76567 | J93: 79151 | K93: 83522 | L93: 80583 | M93: 79049 | N93: 81525 | O93: 83181 | P93: 85040 | Q93: 84302 | R93: 88191
A95: MySuper | B95: 27524 | C95: 29347 | D95: 34445 | E95: 38961 | F95: 44552 | G95: 44936 | H95: 54335 | I95: 55030 | J95: 57341 | K95: 57913 | L95: 55714 | M95: 55318 | N95: 56356 | O95: 57680 | P95: 59322 | Q95: 58526 | R95: 60814
A96: By member account status
A97: Active member account | B97: 45211 | C97: 47932 | D97: 53917 | E97: 61603 | F97: 67530 | G97: 65843 | H97: 75768.681 | I97: 78808.776 | J97: 82490.156 | K97: 87988.172 | L97: 84528.429 | M97: 85409.689 | N97: 85207.735 | O97: 87029.965 | P97: 88504.416 | Q97: 88580.96 | R97: 92634.167
A98: Inactive member account | B98: 13936 | C98: 16587 | D98: 20439 | E98: 20782 | F98: 27313 | G98: 35242 | H98: 72465 | I98: 67875 | J98: 55643 | K98: 58087 | L98: 56845 | M98: 52973 | N98: 59466 | O98: 59954 | P98: 62315 | Q98: 59148 | R98: 61988
A99: Lost member account | B99: 10695 | C99: 13546 | D99: 21178 | E99: 21466 | F99: 20687 | G99: 17957
A100: Total | B100: 35786 | C100: 39432 | D100: 45864 | E100: 51838 | F100: 59534 | G100: 61795 | H100: 75221 | I100: 76567 | J100: 79151 | K100: 83522 | L100: 80583 | M100: 79049 | N100: 81525 | O100: 83181 | P100: 85040 | Q100: 84302 | R100: 88191
A103: Public Sector | B103: Jun 2015 | C103: Jun 2016 | D103: Jun 2017 | E103: Jun 2018 | F103: Jun 2019 | G103: Jun 2020 | H103: 44348 | I103: 44440 | J103: 44531 | K103: 44621 | L103: 44713 | M103: =+M70 -> 44805 | N103: =+N70 -> 44896 | O103: =+O70 -> 44986 | P103: =+P70 -> 45078 | Q103: =+Q70 -> 45170 | R103: =+R70 -> 45261
B105: Number of member accounts ('000)
A107: Total | B107: 3524 | C107: 3533 | D107: 3570 | E107: 3536 | F107: 3601 | G107: 3538 | H107: 3194 | I107: 3266 | J107: 3281 | K107: 2858 | L107: 2628 | M107: 2644 | N107: 2656 | O107: 2945 | P107: 3053 | Q107: 3065 | R107: 3073
A108: of which:
A109: MySuper | B109: 1656 | C109: 1652 | D109: 1666 | E109: 1719 | F109: 1699 | G109: 1635 | H109: 1591 | I109: 1631 | J109: 1601 | K109: 1189 | L109: 1183 | M109: 1201 | N109: 1207 | O109: 1223 | P109: 1268 | Q109: 1282 | R109: 1293
A110: By member account status
A111: Active member account | B111: 2517 | C111: 2543 | D111: 2940 | E111: 2940 | F111: 3056 | G111: 3011 | H111: 2786 | I111: 2800 | J111: 2361 | K111: 2407 | L111: 2224 | M111: 2222 | N111: 2218 | O111: 2485 | P111: 2725 | Q111: 2725 | R111: 2722
A112: Inactive member account | B112: 542 | C112: 525 | D112: 582 | E112: 555 | F112: 517 | G112: 493 | H112: 409 | I112: 467 | J112: 920 | K112: 451 | L112: 404 | M112: 422 | N112: 438 | O112: 460 | P112: 328 | Q112: 340 | R112: 350
A113: Lost member account | B113: 64 | C113: 59 | D113: 48 | E113: 41 | F113: 28 | G113: 33
A114: Total | B114: 3524 | C114: 3533 | D114: 3570 | E114: 3536 | F114: 3601 | G114: 3538 | H114: 3194 | I114: 3266 | J114: 3281 | K114: 2858 | L114: 2628 | M114: 2644 | N114: 2656 | O114: 2945 | P114: 3053 | Q114: 3065 | R114: 3073
B116: Members' benefits ($ million)
A117: Total | B117: 505176 | C117: 530244 | D117: 578158 | E117: 612268 | F117: 668096 | G117: 681836 | H117: 709351 | I117: 727213 | J117: 737896 | K117: 643152 | L117: 594233 | M117: 595179 | N117: 605098 | O117: 652629 | P117: 661822 | Q117: 680428 | R117: 693632
A118: of which:
A119: MySuper | B119: 90546 | C119: 96982 | D119: 112379 | E119: 128006 | F119: 142820 | G119: 144475 | H119: 163832 | I119: 169929 | J119: 175841 | K119: 120596 | L119: 113276 | M119: 112281 | N119: 113222 | O119: 121459 | P119: 126880 | Q119: 127129 | R119: 133161
A120: By member account status
A121: Active member account | B121: 387365 | C121: 410860 | D121: 497984 | E121: 520301 | F121: 571825 | G121: 578366 | H121: 659996 | I121: 663870 | J121: 607190 | K121: 578562 | L121: 540709 | M121: 539774 | N121: 546624 | O121: 588992 | P121: 605264 | Q121: 623625 | R121: 632369
A122: Inactive member account | B122: 20444 | C122: 22176 | D122: 77686 | E122: 89163 | F122: 94108 | G122: 100104 | H122: 49355 | I122: 63344 | J122: 130706 | K122: 64590 | L122: 53524 | M122: 55406 | N122: 58474 | O122: 63637 | P122: 56558 | Q122: 56803 | R122: 61263
...

Sheet Table 7
A1: Table 7 Membership profile by age and gender
A2: Entities with more than six members
C4: 44348 | D4: 44440 | E4: 44531 | F4: 44621 | G4: 44713 | H4: =+'Table 6'!M4 -> 44805 | I4: =+'Table 6'!N4 -> 44896 | J4: =+'Table 6'!O4 -> 44986 | K4: =+'Table 6'!P4 -> 45078 | L4: =+'Table 6'!Q4 -> 45170 | M4: =+'Table 6'!R4 -> 45261
C6: Number of member accounts ('000)
A7: Age bracket | B7: Gender
A8: <25 | B8: Female | C8: 1205 | D8: 1206 | E8: 1205 | F8: 1258 | G8: 1266 | H8: 1296 | I8: 1330 | J8: 1379 | K8: 1388 | L8: 1422 | M8: 1412
A9: <25 | B9: Male | C9: 1292 | D9: 1297 | E9: 1292 | F9: 1342 | G9: 1350 | H9: 1395 | I9: 1423 | J9: 1488 | K9: 1499 | L9: 1539 | M9: 1527
A10: <25 | B10: Other | C10: 12 | D10: 13 | E10: 13 | F10: 13 | G10: 15 | H10: 14 | I10: 15 | J10: 15 | K10: 14 | L10: 14 | M10: 13
A11: <25 | B11: Total | C11: 2510 | D11: 2516 | E11: 2510 | F11: 2614 | G11: 2631 | H11: 2705 | I11: 2768 | J11: 2883 | K11: 2901 | L11: 2975 | M11: 2952
A12: 25 to 29 | B12: Female | C12: 1068 | D12: 1070 | E12: 1058 | F12: 1068 | G12: 1050 | H12: 1059 | I12: 1067 | J12: 1103 | K12: 1106 | L12: 1130 | M12: 1141
A13: 25 to 29 | B13: Male | C13: 1184 | D13: 1188 | E13: 1172 | F13: 1173 | G13: 1157 | H13: 1165 | I13: 1167 | J13: 1200 | K13: 1209 | L13: 1235 | M13: 1241
A14: 25 to 29 | B14: Other | C14: 11 | D14: 12 | E14: 12 | F14: 12 | G14: 12 | H14: 13 | I14: 13 | J14: 13 | K14: 12 | L14: 12 | M14: 12
A15: 25 to 29 | B15: Total | C15: 2263 | D15: 2270 | E15: 2242 | F15: 2253 | G15: 2218 | H15: 2237 | I15: 2246 | J15: 2316 | K15: 2328 | L15: 2378 | M15: 2394
A16: 30 to 34 | B16: Female | C16: 1125 | D16: 1128 | E16: 1119 | F16: 1138 | G16: 1121 | H16: 1131 | I16: 1132 | J16: 1158 | K16: 1155 | L16: 1168 | M16: 1169
A17: 30 to 34 | B17: Male | C17: 1235 | D17: 1234 | E17: 1221 | F17: 1228 | G17: 1217 | H17: 1224 | I17: 1222 | J17: 1241 | K17: 1244 | L17: 1258 | M17: 1261
A18: 30 to 34 | B18: Other | C18: 8 | D18: 9 | E18: 9 | F18: 9 | G18: 9 | H18: 10 | I18: 9 | J18: 10 | K18: 9 | L18: 9 | M18: 9
A19: 30 to 34 | B19: Total | C19: 2368 | D19: 2371 | E19: 2349 | F19: 2375 | G19: 2347 | H19: 2365 | I19: 2363 | J19: 2409 | K19: 2408 | L19: 2436 | M19: 2440
... A67: Total | B67: Total | C67: 22072 | D67: 22090 | E67: 22009 | F67: 22415 | G67: 22282 | H67: 22502 | I67: 22583 | J67: 23113 | K67: 22942 | L67: 23141 | M67: 23170
C70: Members' benefits ($ million)
A71: Age bracket | B71: Gender
A72: <25 | B72: Female | C72: 6680 | D72: 6856 | E72: 7063 | F72: 7071 | G72: 6994 | H72: 6888 | I72: 7274 | J72: 7773 | K72: 8176 | L72: 8415 | M72: 11071
A73: <25 | B73: Male | C73: 8124 | D73: 8346 | E73: 8605 | F73: 8573 | G73: 8202 | H73: 8281 | I73: 8724 | J73: 9312 | K73: 9918 | L73: 10141 | M73: 13609
A74: <25 | B74: Other | C74: 35 | D74: 36 | E74: 35 | F74: 35 | G74: 68 | H74: 36 | I74: 39 | J74: 43 | K74: 45 | L74: 46 | M74: 54
A75: <25 | B75: Total | C75: 14838 | D75: 15238 | E75: 15704 | F75: 15680 | G75: 15264 | H75: 15205 | I75: 16037 | J75: 17127 | K75: 18139 | L75: 18602 | M75: 24735
A76: 25 to 29 | B76: Female | C76: 20255 | D76: 20468 | E76: 21042 | F76: 20976 | G76: 20131 | H76: 19685 | I76: 20470 | J76: 21582 | K76: 22070 | L76: 22307 | M76: 25365
A77: 25 to 29 | B77: Male | C77: 25498 | D77: 25569 | E77: 26130 | F77: 25792 | G77: 24765 | H77: 24363 | I77: 25237 | J77: 26369 | K77: 27182 | L77: 27128 | M77: 30817
A78: 25 to 29 | B78: Other | C78: 94 | D78: 104 | E78: 115 | F78: 117 | G78: 116 | H78: 119 | I78: 127 | J78: 135 | K78: 142 | L78: 146 | M78: 161
A79: 25 to 29 | B79: Total | C79: 45847 | D79: 46142 | E79: 47286 | F79: 46885 | G79: 45012 | H79: 44167 | I79: 45834 | J79: 48086 | K79: 49394 | L79: 49582 | M79: 56343
A80: 30 to 34 | B80: Female | C80: 41271 | D80: 41738 | E80: 42607 | F80: 42394 | G80: 40127 | H80: 39530 | I80: 40815 | J80: 42843 | K80: 43521 | L80: 43751 | M80: 47257
A81: 30 to 34 | B81: Male | C81: 55373 | D81: 55785 | E81: 56700 | F81: 55695 | G81: 53577 | H81: 52729 | I81: 54162 | J81: 56037 | K81: 57215 | L81: 57633 | M81: 61564
A82: 30 to 34 | B82: Other | C82: 127 | D82: 135 | E82: 142 | F82: 139 | G82: 151 | H82: 138 | I82: 146 | J82: 153 | K82: 162 | L82: 166 | M82: 179
A83: 30 to 34 | B83: Total | C83: 96771 | D83: 97657 | E83: 99449 | F83: 98228 | G83: 93855 | H83: 92396 | I83: 95123 | J83: 99033 | K83: 100899 | L83: 101550 | M83: 108999
... A131: Total | B131: Total | C131: 2347412 | D131: 2386263 | E131: 2437056 | F131: 2443017 | G131: 2330150 | H131: 2326040 | I131: 2404042 | J131: 2517536 | K131: 2532160 | L131: 2549785 | M131: 2649522
C133: Average member balance ($)
A134: Age bracket | B134: Gender
A135: <25 | B135: Female | C135: 5542 | D135: 5687 | E135: 5861 | F135: 5620 | G135: 5526 | H135: 5314 | I135: 5468 | J135: 5636 | K135: 5890 | L135: 5918 | M135: 7839
A136: <25 | B136: Male | C136: 6286 | D136: 6436 | E136: 6660 | F136: 6387 | G136: 6075 | H136: 5937 | I136: 6130 | J136: 6256 | K136: 6617 | L136: 6589 | M136: 8914
A137: <25 | B137: Other | C137: 2964 | D137: 2762 | E137: 2722 | F137: 2671 | G137: 4408 | H137: 2532 | I137: 2693 | J137: 2851 | K137: 3252 | L137: 3316 | M137: 4145
A138: <25 | B138: Total | C138: 5913 | D138: 6058 | E138: 6256 | F138: 5999 | G138: 5801 | H138: 5621 | I138: 5794 | J138: 5941 | K138: 6253 | L138: 6253 | M138: 8379
A139: 25 to 29 | B139: Female | C139: 18970 | D139: 19126 | E139: 19883 | F139: 19641 | G139: 19179 | H139: 18584 | I139: 19193 | J139: 19568 | K139: 19946 | L139: 19734 | M139: 22228
A140: 25 to 29 | B140: Male | C140: 21538 | D140: 21530 | E140: 22297 | F140: 21985 | G140: 21412 | H140: 20912 | I140: 21629 | J140: 21976 | K140: 22483 | L140: 21966 | M140: 24837
A141: 25 to 29 | B141: Other | C141: 8560 | D141: 8516 | E141: 9277 | F141: 9488 | G141: 9507 | H141: 8995 | I141: 9798 | J141: 10235 | K141: 11748 | L141: 11989 | M141: 13594
A142: 25 to 29 | B142: Total | C142: 20263 | D142: 20326 | E142: 21086 | F142: 20806 | G142: 20290 | H142: 19740 | I142: 20404 | J142: 20762 | K142: 21221 | L142: 20853 | M142: 23538
A143: 30 to 34 | B143: Female | C143: 36685 | D143: 37006 | E143: 38092 | F143: 37256 | G143: 35800 | H143: 34939 | I143: 36060 | J143: 36991 | K143: 37686 | L143: 37442 | M143: 40409
A144: 30 to 34 | B144: Male | C144: 44829 | D144: 45190 | E144: 46424 | F144: 45346 | G144: 44022 | H144: 43072 | I144: 44333 | J144: 45157 | K144: 45985 | L144: 45808 | M144: 48821
A145: 30 to 34 | B145: Other | C145: 15806 | D145: 15356 | E145: 16008 | F145: 15644 | G145: 16410 | H145: 14425 | I145: 15503 | J145: 16039 | K145: 17949 | L145: 17981 | M145: 19535
A146: 30 to 34 | B146: Total | C146: 40862 | D146: 41187 | E146: 42341 | F146: 41359 | G146: 39987 | H146: 39065 | I146: 40255 | J146: 41115 | K146: 41900 | L146: 41689 | M146: 44679
... A194: Total | B194: Total | C194: 106352 | D194: 108026 | E194: 110731 | F194: 108991 | G194: 104575 | H194: 103369 | I194: 106455 | J194: 108921 | K194: 110371 | L194: 110186 | M194: 114354

Sheet Table 7a
A1: Table 7a MySuper Membership profile by age and gender
A2: Entities with more than six members
A4: Members with 100 per cent MySuper interest | C4: 44348 | D4: 44440 | E4: 44531 | F4: 44621 | G4: 44713 | H4: =+'Table 7'!H4 -> 44805 | I4: =+'Table 7'!I4 -> 44896 | J4: =+'Table 7'!J4 -> 44986 | K4: =+'Table 7'!K4 -> 45078 | L4: =+'Table 7'!L4 -> 45170 | M4: =+'Table 7'!M4 -> 45261
C6: Number of member accounts ('000)
A7: Age bracket | B7: Gender
A8: <25 | B8: Female | C8: 1040 | D8: 1053 | E8: 1040 | F8: 1093 | G8: 1082 | H8: 1083 | I8: 1139 | J8: 1177 | K8: 1191 | L8: 1220 | M8: 1226
A9: <25 | B9: Male | C9: 1104 | D9: 1121 | E9: 1102 | F9: 1154 | G9: 1148 | H9: 1151 | I9: 1203 | J9: 1251 | K9: 1268 | L9: 1305 | M9: 1304
A10: <25 | B10: Other | C10: 8 | D10: 9 | E10: 9 | F10: 9 | G10: 9 | H10: 11 | I10: 11 | J10: 11 | K10: 11 | L10: 11 | M10: 10
A11: <25 | B11: Total | C11: 2152 | D11: 2183 | E11: 2151 | F11: 2257 | G11: 2239 | H11: 2245 | I11: 2353 | J11: 2439 | K11: 2470 | L11: 2535 | M11: 2540
A12: 25 to 29 | B12: Female | C12: 867 | D12: 875 | E12: 860 | F12: 866 | G12: 841 | H12: 844 | I12: 865 | J12: 886 | K12: 897 | L12: 920 | M12: 939
A13: 25 to 29 | B13: Male | C13: 931 | D13: 943 | E13: 923 | F13: 927 | G13: 896 | H13: 899 | I13: 914 | J13: 938 | K13: 946 | L13: 972 | M13: 984
A14: 25 to 29 | B14: Other | C14: 8 | D14: 9 | E14: 9 | F14: 9 | G14: 9 | H14: 10 | I14: 9 | J14: 10 | K14: 9 | L14: 9 | M14: 9
A15: 25 to 29 | B15: Total | C15: 1806 | D15: 1827 | E15: 1792 | F15: 1801 | G15: 1746 | H15: 1752 | I15: 1789 | J15: 1833 | K15: 1853 | L15: 1901 | M15: 1932
A16: 30 to 34 | B16: Female | C16: 846 | D16: 853 | E16: 847 | F16: 857 | G16: 845 | H16: 841 | I16: 861 | J16: 872 | K16: 879 | L16: 892 | M16: 903
A17: 30 to 34 | B17: Male | C17: 864 | D17: 873 | E17: 861 | F17: 870 | G17: 851 | H17: 849 | I17: 865 | J17: 879 | K17: 887 | L17: 902 | M17: 913
A18: 30 to 34 | B18: Other | C18: 6 | D18: 7 | E18: 7 | F18: 7 | G18: 7 | H18: 8 | I18: 7 | J18: 7 | K18: 7 | L18: 7 | M18: 7
A19: 30 to 34 | B19: Total | C19: 1717 | D19: 1733 | E19: 1715 | F19: 1734 | G19: 1702 | H19: 1698 | I19: 1733 | J19: 1758 | K19: 1773 | L19: 1802 | M19: 1823
... A63: Total | B63: Total | C63: 13301 | D63: 13464 | E63: 13383 | F63: 13631 | G63: 13544 | H63: 13528 | I63: 13884 | J63: 14111 | K63: 14258 | L63: 14473 | M63: 14601
C66: Members' benefits ($ million)
A67: Age bracket | B67: Gender
A68: <25 | B68: Female | C68: 5240 | D68: 5415 | E68: 5543 | F68: 5536 | G68: 5386 | H68: 5422 | I68: 5863 | J68: 6238 | K68: 6599 | L68: 6834 | M68: 7251
A69: <25 | B69: Male | C69: 5813 | D69: 6046 | E69: 6223 | F69: 6228 | G69: 6087 | H69: 6130 | I69: 6654 | J69: 7095 | K69: 7529 | L69: 7828 | M69: 8286
A70: <25 | B70: Other | C70: 28 | D70: 28 | E70: 25 | F70: 25 | G70: 24 | H70: 37 | I70: 26 | J70: 28 | K70: 29 | L70: 30 | M70: 33
A71: <25 | B71: Total | C71: 11081 | D71: 11489 | E71: 11791 | F71: 11789 | G71: 11496 | H71: 11589 | I71: 12543 | J71: 13361 | K71: 14158 | L71: 14692 | M71: 15570
A72: 25 to 29 | B72: Female | C72: 15232 | D72: 15491 | E72: 15900 | F72: 15541 | G72: 14843 | H72: 14657 | I72: 15464 | J72: 16185 | K72: 16839 | L72: 17054 | M72: 18018
A73: 25 to 29 | B73: Male | C73: 15719 | D73: 15988 | E73: 16367 | F73: 15980 | G73: 15278 | H73: 15078 | I73: 15957 | J73: 16738 | K73: 17493 | L73: 17761 | M73: 18695
A74: 25 to 29 | B74: Other | C74: 78 | D74: 86 | E74: 91 | F74: 93 | G74: 91 | H74: 88 | I74: 98 | J74: 103 | K74: 107 | L74: 109 | M74: 115
A75: 25 to 29 | B75: Total | C75: 31029 | D75: 31565 | E75: 32357 | F75: 31613 | G75: 30211 | H75: 29823 | I75: 31519 | J75: 33026 | K75: 34439 | L75: 34925 | M75: 36828
A76: 30 to 34 | B76: Female | C76: 29095 | D76: 29506 | E76: 30161 | F76: 29352 | G76: 27923 | H76: 27431 | I76: 28671 | J76: 29817 | K76: 30813 | L76: 30908 | M76: 32261
A77: 30 to 34 | B77: Male | C77: 31080 | D77: 31505 | E77: 32073 | F77: 31177 | G77: 29512 | H77: 29006 | I77: 30262 | J77: 31427 | K77: 32573 | L77: 32653 | M77: 33940
A78: 30 to 34 | B78: Other | C78: 109 | D78: 115 | E78: 116 | F78: 115 | G78: 110 | H78: 117 | I78: 115 | J78: 120 | K78: 125 | L78: 126 | M78: 133
A79: 30 to 34 | B79: Total | C79: 60284 | D79: 61126 | E79: 62351 | F79: 60644 | G79: 57545 | H79: 56554 | I79: 59047 | J79: 61364 | K79: 63511 | L79: 63687 | M79: 66334
... A123: Total | B123: Total | C123: 804281 | D123: 826548 | E123: 857088 | F123: 840790 | G123: 805746 | H123: 798204 | I123: 835956 | J123: 875195 | K123: 909688 | L123: 912217 | M123: 955722
C125: Average member balance ($)
A126: Age bracket | B126: Gender
A127: <25 | B127: Female | C127: 5039 | D127: 5142 | E127: 5329 | F127: 5063 | G127: 4977 | H127: 5007 | I127: 5148 | J127: 5300 | K127: 5541 | L127: 5603 | M127: 5915
A128: <25 | B128: Male | C128: 5267 | D128: 5394 | E128: 5647 | F128: 5395 | G128: 5303 | H128: 5326 | I128: 5530 | J128: 5672 | K128: 5937 | L128: 6000 | M128: 6356
A129: <25 | B129: Other | C129: 3417 | D129: 3235 | E129: 2943 | F129: 2824 | G129: 2557 | H129: 3385 | I129: 2472 | J129: 2506 | K129: 2732 | L129: 2790 | M129: 3158
A130: <25 | B130: Total | C130: 5150 | D130: 5263 | E130: 5482 | F130: 5224 | G130: 5134 | H130: 5162 | I130: 5331 | J130: 5478 | K130: 5732 | L130: 5795 | M130: 6130
A131: 25 to 29 | B131: Female | C131: 17562 | D131: 17706 | E131: 18478 | F131: 17956 | G131: 17644 | H131: 17374 | I131: 17884 | J131: 18278 | K131: 18767 | L131: 18529 | M131: 19188
A132: 25 to 29 | B132: Male | C132: 16889 | D132: 16959 | E132: 17738 | F132: 17244 | G132: 17060 | H132: 16778 | I132: 17451 | J132: 17839 | K132: 18484 | L132: 18281 | M132: 18993
A133: 25 to 29 | B133: Other | C133: 9430 | D133: 9456 | E133: 10257 | F133: 10119 | G133: 10290 | H133: 9038 | I133: 10396 | J133: 10627 | K133: 11842 | L133: 11812 | M133: 12680
A134: 25 to 29 | B134: Total | C134: 17178 | D134: 17280 | E134: 18056 | F134: 17550 | G134: 17307 | H134: 17022 | I134: 17623 | J134: 18013 | K134: 18589 | L134: 18370 | M134: 19058
A135: 30 to 34 | B135: Female | C135: 34393 | D135: 34584 | E135: 35626 | F135: 34238 | G135: 33061 | H135: 32630 | I135: 33307 | J135: 34192 | K135: 35053 | L135: 34638 | M135: 35737
A136: 30 to 34 | B136: Male | C136: 35959 | D136: 36106 | E136: 37239 | F136: 35855 | G136: 34699 | H136: 34149 | I136: 34988 | J136: 35761 | K136: 36743 | L136: 36185 | M136: 37176
A137: 30 to 34 | B137: Other | C137: 16863 | D137: 16696 | E137: 17122 | F137: 16095 | G137: 15871 | H137: 14978 | I137: 15805 | J137: 16127 | K137: 17639 | L137: 17274 | M137: 18061
A138: 30 to 34 | B138: Total | C138: 35115 | D138: 35280 | E138: 36363 | F138: 34974 | G138: 33809 | H138: 33309 | I138: 34072 | J138: 34900 | K138: 35829 | L138: 35342 | M138: 36386
... A182: Total | B182: Total | C182: 60467 | D182: 61389 | E182: 64045 | F182: 61684 | G182: 59489 | H182: 59004 | I182: 60211 | J182: 62022 | K182: 63802 | L182: 63029 | M182: 65456

Sheet Table 8
A1: Table 8 Membership profile by age and members' benefit bracket
A2: Entities with more than six members
C4: 44348 | D4: 44440 | E4: 44531 | F4: 44621 | G4: 44713 | H4: =+'Table 7a'!H4 -> 44805 | I4: =+'Table 7a'!I4 -> 44896 | J4: =+'Table 7a'!J4 -> 44986 | K4: =+'Table 7a'!K4 -> 45078 | L4: =+'Table 7a'!L4 -> 45170 | M4: =+'Table 7a'!M4 -> 45261
C6: Number of member accounts ('000)
A7: Age bracket | B7: Members' benefit bracket
A9: <25 | B9: < $1,000 | C9: 959 | D9: 918 | E9: 900 | F9: 974 | G9: 955 | H9: 986 | I9: 1010 | J9: 1065 | K9: 1036 | L9: 1051 | M9: 980
A10: <25 | B10: $1,000 to $5,999 | C10: 859 | D10: 878 | E10: 862 | F10: 883 | G10: 908 | H10: 950 | I10: 944 | J10: 955 | K10: 958 | L10: 982 | M10: 938
A11: <25 | B11: $6,000 to $9,999 | C11: 274 | D11: 283 | E11: 293 | F11: 303 | G11: 313 | H11: 322 | I11: 329 | J11: 338 | K11: 341 | L11: 355 | M11: 361
A12: <25 | B12: $10,000 to $14,999 | C12: 188 | D12: 196 | E12: 202 | F12: 206 | G12: 212 | H12: 217 | I12: 231 | J12: 242 | K12: 253 | L12: 261 | M12: 275
A13: <25 | B13: $15,000 to $24,999 | C13: 160 | D13: 168 | E13: 176 | F13: 175 | G13: 174 | H13: 171 | I13: 185 | J13: 204 | K13: 223 | L13: 231 | M13: 253
A14: <25 | B14: $25,000 to $39,999 | C14: 52 | D14: 54 | E14: 58 | F14: 55 | G14: 53 | H14: 47 | I14: 53 | J14: 61 | K14: 70 | L14: 73 | M14: 90
A15: <25 | B15: $40,000 to $59,999 | C15: 11 | D15: 11 | E15: 12 | F15: 11 | G15: 11 | H15: 10 | I15: 11 | J15: 13 | K15: 14 | L15: 15 | M15: 24
A16: <25 | B16: $60,000 to $99,999 | C16: 3 | D16: 3 | E16: 3 | F16: 3 | G16: 3 | H16: 3 | I16: 3 | J16: 4 | K16: 4 | L16: 4 | M16: 13
A17: <25 | B17: $100,000 to $199,999 | C17: 4 | D17: 1 | E17: 1 | F17: 0 | G17: 2 | H17: 1 | I17: 1 | J17: 1 | K17: 1 | L17: 1 | M17: 10
A18: <25 | B18: $200,000 to $499,999 | C18: 0 | D18: 2 | E18: 2 | F18: 2 | G18: 0 | H18: 0 | I18: 1 | J18: 0 | K18: 0 | L18: 0 | M18: 6
A19: <25 | B19: $500,000 to $999,999 | C19: 0 | D19: 0 | E19: 0 | F19: 0 | G19: 0 | H19: 0 | I19: 0 | J19: 0 | K19: 0 | L19: 0 | M19: 1
A20: <25 | B20: $1,000,000 + | C20: 0 | D20: 0 | E20: 0 | F20: 0 | G20: 0 | H20: 0 | I20: 0 | J20: 0 | K20: 0 | L20: 0 | M20: 0
... A203: Total | B203: Total | C203: 22053 | D203: 22071 | E203: 21990 | F203: 22396 | G203: 22263 | H203: 22484 | I203: 22564 | J203: 23113 | K203: 22942 | L203: 23141 | M203: 23170
C206: Members' benefits ($ million)
A207: Age bracket | B207: Members' benefit bracket
A209: <25 | B209: < $1,000 | C209: 321 | D209: 285 | E209: 274 | F209: 301 | G209: 303 | H209: 305 | I209: 297 | J209: 318 | K209: 310 | L209: 307 | M209: 289
A210: <25 | B210: $1,000 to $5,999 | C210: 2588 | D210: 2568 | E210: 2537 | F210: 2594 | G210: 2666 | H210: 2794 | I210: 2797 | J210: 2846 | K210: 2848 | L210: 2939 | M210: 2828
A211: <25 | B211: $6,000 to $9,999 | C211: 2140 | D211: 2197 | E211: 2275 | F211: 2354 | G211: 2430 | H211: 2503 | I211: 2564 | J211: 2638 | K211: 2659 | L211: 2783 | M211: 2835
A212: <25 | B212: $10,000 to $14,999 | C212: 2300 | D212: 2387 | E212: 2475 | F212: 2519 | G212: 2588 | H212: 2640 | I212: 2822 | J212: 2962 | K212: 3103 | L212: 3210 | M212: 3389
A213: <25 | B213: $15,000 to $24,999 | C213: 3038 | D213: 3188 | E213: 3341 | F213: 3317 | G213: 3278 | H213: 3211 | I213: 3502 | J213: 3863 | K213: 4233 | L213: 4403 | M213: 4842
A214: <25 | B214: $25,000 to $39,999 | C214: 1563 | D214: 1632 | E214: 1742 | F214: 1657 | G214: 1590 | H214: 1399 | I214: 1594 | J214: 1843 | K214: 2093 | L214: 2197 | M214: 2735
A215: <25 | B215: $40,000 to $59,999 | C215: 519 | D215: 540 | E215: 576 | F215: 545 | G215: 524 | H215: 476 | I215: 531 | J215: 602 | K215: 675 | L215: 711 | M215: 1145
A216: <25 | B216: $60,000 to $99,999 | C216: 178 | D216: 199 | E216: 222 | F216: 215 | G216: 196 | H216: 194 | I216: 230 | J216: 267 | K216: 305 | L216: 309 | M216: 1011
A217: <25 | B217: $100,000 to $199,999 | C217: 579 | D217: 193 | E217: 71 | F217: 62 | G217: 216 | H217: 210 | I217: 71 | J217: 77 | K217: 101 | L217: 98 | M217: 1387
A218: <25 | B218: $200,000 to $499,999 | C218: 54 | D218: 453 | E218: 569 | F218: 569 | G218: 53 | H218: 52 | I218: 201 | J218: 204 | K218: 62 | L218: 62 | M218: 1689
A219: <25 | B219: $500,000 to $999,999 | C219: 59 | D219: 66 | E219: 64 | F219: 58 | G219: 57 | H219: 63 | I219: 55 | J219: 58 | K219: 201 | L219: 56 | M219: 727
A220: <25 | B220: $1,000,000 + | C220: 1501 | D220: 1530 | E220: 1558 | F220: 1488 | G220: 1363 | H220: 1359 | I220: 1372 | J220: 1448 | K220: 1549 | L220: 1528 | M220: 1858
... A403: Total | B403: Total | C403: 2334789 | D403: 2373640 | E403: 2424433 | F403: 2430394 | G403: 2317527 | H403: 2313417 | I403: 2391419 | J403: 2517536 | K403: 2532160 | L403: 2549785 | M403: 2649522

Sheet Table 8a
A1: Table 8a MySuper Membership profile by age and members' benefit bracket
A2: Entities with more than six members
C4: 44348 | D4: 44440 | E4: 44531 | F4: 44621 | G4: 44713 | H4: =+'Table 8'!H4 -> 44805 | I4: =+'Table 8'!I4 -> 44896 | J4: =+'Table 8'!J4 -> 44986 | K4: =+'Table 8'!K4 -> 45078 | L4: =+'Table 8'!L4 -> 45170 | M4: =+'Table 8'!M4 -> 45261
A5: Members with 100 per cent MySuper interest
C6: Number of member accounts ('000)
A7: Age bracket | B7: Members' benefit bracket
A9: <25 | B9: < $1,000 | C9: 757 | D9: 753 | E9: 714 | F9: 790 | G9: 760 | H9: 746 | I9: 780 | J9: 813 | K9: 804 | L9: 819 | M9: 818
A10: <25 | B10: $1,000 to $5,999 | C10: 791 | D10: 805 | E10: 787 | F10: 810 | G10: 830 | H10: 846 | I10: 862 | J10: 875 | K10: 874 | L10: 892 | M10: 860
A11: <25 | B11: $6,000 to $9,999 | C11: 239 | D11: 250 | E11: 258 | F11: 267 | G11: 272 | H11: 273 | I11: 290 | J11: 297 | K11: 304 | L11: 318 | M11: 320
A12: <25 | B12: $10,000 to $14,999 | C12: 169 | D12: 173 | E12: 180 | F12: 182 | G12: 184 | H12: 186 | I12: 205 | J12: 214 | K12: 224 | L12: 231 | M12: 239
A13: <25 | B13: $15,000 to $24,999 | C13: 142 | D13: 146 | E13: 153 | F13: 151 | G13: 145 | H13: 145 | I13: 161 | J13: 177 | K13: 193 | L13: 201 | M13: 216
A14: <25 | B14: $25,000 to $39,999 | C14: 44 | D14: 45 | E14: 48 | F14: 45 | G14: 38 | H14: 38 | I14: 44 | J14: 50 | K14: 57 | L14: 60 | M14: 70
A15: <25 | B15: $40,000 to $59,999 | C15: 8 | D15: 9 | E15: 9 | F15: 9 | G15: 8 | H15: 8 | I15: 9 | J15: 10 | K15: 11 | L15: 11 | M15: 13
A16: <25 | B16: $60,000 to $99,999 | C16: 2 | D16: 2 | E16: 2 | F16: 2 | G16: 2 | H16: 2 | I16: 2 | J16: 3 | K16: 3 | L16: 3 | M16: 3
A17: <25 | B17: $100,000 to $199,999 | C17: 0 | D17: 0 | E17: 0 | F17: 0 | G17: 0 | H17: 0 | I17: 0 | J17: 0 | K17: 0 | L17: 0 | M17: 0
A18: <25 | B18: $200,000 to $499,999 | C18: 0 | D18: 0 | E18: 0 | F18: 0 | G18: 0 | H18: 0 | I18: 0 | J18: 0 | K18: 0 | L18: 0 | M18: 0
A19: <25 | B19: $500,000 + | C19: 0 | D19: 0 | E19: 0 | F19: 0 | G19: 0 | H19: 0 | I19: 0 | J19: 0 | K19: 0 | L19: 0 | M19: 0
A20: <25 | B20: Total | C20: 2152 | D20: 2183 | E20: 2151 | F20: 2257 | G20: 2239 | H20: 2245 | I20: 2353 | J20: 2439 | K20: 2470 | L20: 2535 | M20: 2540
... A188: Total | B188: Total | C188: 13301 | D188: 13464 | E188: 13383 | F188: 13631 | G188: 13544 | H188: 13528 | I188: 13884 | J188: 14111 | K188: 14258 | L188: 14473 | M188: 14601
C191: Members' benefits ($ million)
A192: Age bracket | B192: Members' benefit bracket
A194: <25 | B194: < $1,000 | C194: 274 | D194: 270 | E194: 255 | F194: 281 | G194: 284 | H194: 275 | I194: 274 | J194: 292 | K194: 285 | L194: 283 | M194: 417
A195: <25 | B195: $1,000 to $5,999 | C195: 2296 | D195: 2376 | E195: 2322 | F195: 2378 | G195: 2421 | H195: 2481 | I195: 2541 | J195: 2579 | K195: 2577 | L195: 2659 | M195: 2573
A196: <25 | B196: $6,000 to $9,999 | C196: 1867 | D196: 1962 | E196: 2016 | F196: 2086 | G196: 2124 | H196: 2135 | I196: 2262 | J196: 2321 | K196: 2377 | L196: 2486 | M196: 2507
A197: <25 | B197: $10,000 to $14,999 | C197: 2067 | D197: 2133 | E197: 2204 | F197: 2234 | G197: 2250 | H197: 2276 | I197: 2502 | J197: 2618 | K197: 2740 | L197: 2828 | M197: 2935
A198: <25 | B198: $15,000 to $24,999 | C198: 2703 | D198: 2788 | E198: 2913 | F198: 2868 | G198: 2728 | H198: 2744 | I198: 3040 | J198: 3345 | K198: 3667 | L198: 3807 | M198: 4109
A199: <25 | B199: $25,000 to $39,999 | C199: 1310 | D199: 1349 | E199: 1434 | F199: 1338 | G199: 1152 | H199: 1139 | I199: 1302 | J199: 1503 | K199: 1717 | L199: 1807 | M199: 2103
A200: <25 | B200: $40,000 to $59,999 | C200: 400 | D200: 415 | E200: 444 | F200: 413 | G200: 362 | H200: 362 | I200: 408 | J200: 464 | K200: 515 | L200: 543 | M200: 616
A201: <25 | B201: $60,000 to $99,999 | C201: 117 | D201: 134 | E201: 150 | F201: 144 | G201: 125 | H201: 128 | I201: 156 | J201: 182 | K201: 208 | L201: 211 | M201: 241
A202: <25 | B202: $100,000 to $199,999 | C202: 29 | D202: 34 | E202: 31 | F202: 27 | G202: 29 | H202: 28 | I202: 36 | J202: 36 | K202: 50 | L202: 48 | M202: 49
A203: <25 | B203: $200,000 to $499,999 | C203: 8 | D203: 16 | E203: 12 | F203: 11 | G203: 11 | H203: 10 | I203: 13 | J203: 11 | K203: 13 | L203: 12 | M203: 11
A204: <25 | B204: $500,000 + | C204: 10 | D204: 12 | E204: 10 | F204: 10 | G204: 9 | H204: 11 | I204: 9 | J204: 9 | K204: 8 | L204: 9 | M204: 10
A205: <25 | B205: Total | C205: 11081 | D205: 11489 | E205: 11791 | F205: 11789 | G205: 11496 | H205: 11589 | I205: 12543 | J205: 13361 | K205: 14158 | L205: 14692 | M205: 15570
... A373: Total | B373: Total | C373: 804281 | D373: 826548 | E373: 857088 | F373: 840790 | G373: 805746 | H373: 798204 | I373: 835956 | J373: 875195 | K373: 909688 | L373: 912217 | M373: 955722
A375: a See explanatory notes on information on MySuper members, assets and investments

Sheet Table 9
A1: Table 9 Industry Asset Allocation
A2: Entities with more than six members
A3: 45261
B4: Corporate | C4: Industry | D4: Public Sector | E4: Retail | F4: Total
A6: ($ million)
A7: Cash | B7: 5679 | C7: 91974 | D7: 35631.93 | E7: 65503 | F7: 198787.93
A9: Cash - market value of foreign exchange derivative contracts | B9: 345 | C9: 3283 | D9: 4329.4941 | E9: 2302 | F9: 10259.494
A10: Cash Offset - Derivatives | B10: -2520 | C10: -44437 | D10: -11524.418 | E10: 3647 | F10: -54834.418
A12: Fixed Income | B12: 13080 | C12: 273530 | D12: 88748.16 | E12: 140139 | F12: 515497.16
A13: Australian fixed income | B13: 8834 | C13: 182922 | D13: 54479.756 | E13: 76731 | F13: 322966.76
A14: International fixed income | B14: 4246 | C14: 84727 | D14: 34268.405 | E14: 58758 | F14: 181999.4
A15: Fixed Income (domicile and/or sub-category not available) | C15: 5882 | D15: 0 | E15: 4649 | F15: 10531
A17: Private Debt | B17: 345 | C17: 8002 | D17: 4019 | E17: 6505 | F17: 18871
A19: Equity | B19: 22470 | C19: 656326 | D19: 250397.22 | E19: 407990 | F19: 1337183.2
A20: Listed equity | B20: 20375 | C20: 598068 | D20: 216313.68 | E20: 382061 | F20: 1216817.7
A21: Australian listed equity | B21: 8567 | C21: 266638 | D21: 87146.757 | E21: 189631 | F21: 551982.76
A22: International listed equity (Hedged) | B22: 2481 | C22: 80517 | D22: 43645.18 | E22: 38044 | F22: 164687.18
A23: International listed equity (Unhedged) | B23: 9327 | C23: 250840 | D23: 85521.743 | E23: 154186 | F23: 499874.74
A24: Unlisted equity | B24: 2087 | C24: 58181 | D24: 34083.005 | E24: 20466 | F24: 114817.01
A25: Australian unlisted equity | B25: 1466 | C25: 13033 | D25: 16211.045 | E25: 11197 | F25: 41907.045
A26: International unlisted equity (Hedged) | B26: 320 | C26: 20321 | D26: 10025.491 | E26: 7250 | F26: 37916.491
A27: International unlisted equity (Unhedged) | B27: 302 | C27: 24764 | D27: 7754.4701 | E27: 1848 | F27: 34668.47
A28: Equity (listing and/or domicile not available) | B28: 9 | C28: 213 | D28: 93.535 | E28: 5832 | F28: 6147.535
A30: Property | B30: 4118 | C30: 91938 | D30: 35583.262 | E30: 43384 | F30: 175023.26
... A56: of which: Directly Held Derivatives | B56: 384 | C56: 10655 | D56: 3335 | E56: 246 | F56: 14620
B59: Corporate | C59: Industry | D59: Public Sector | E59: Retail | F59: Total
A61: Proportion of investments (%)
A62: Cash | B62: 11.903415 | C62: 7.4288141 | D62: 7.8622451 | E62: 9.286332 | F62: 8.1325244
A64: Cash - market value of foreign exchange derivative contracts | B64: 0.72347014 | C64: 0.26520348 | D64: 0.95531011 | E64: 0.32635354 | F64: 0.41972159
A65: Cash Offset Derivatives | B65: -5.2816953 | C65: -3.5892147 | D65: -2.542882 | E65: 0.51703361 | F65: -2.2433064
A67: Fixed Income | B67: 27.414291 | C67: 22.093255 | D67: 19.58243 | E67: 19.867445 | F67: 21.089275
A68: Australian fixed income | B68: 18.515702 | C68: 14.77472 | D68: 12.021049 | E68: 10.878121 | F68: 13.212749
A69: International fixed income | B69: 8.8985891 | C69: 6.8434451 | D69: 7.5613808 | E69: 8.3300963 | F69: 7.4456965
A70: Fixed Income (domicile and/or sub-category not available) | B70: 0 | C70: 0.47509009 | D70: 0 | E70: 0.65908672 | F70: 0.43082905
A72: Private Debt | B72: 0.72317043 | C72: 0.64630019 | D72: 0.88679907 | E72: 0.92221104 | F72: 0.77202307
A74: Equity | B74: 47.095993 | C74: 53.011943 | D74: 55.250565 | E74: 57.840566 | F74: 54.704907
A75: Listed equity | B75: 42.703629 | C75: 48.306351 | D75: 47.729975 | E75: 54.164623 | F75: 49.780686
A76: Australian listed equity | B76: 17.955167 | C76: 21.536534 | D76: 19.229078 | E76: 26.883905 | F76: 22.581921
A77: International listed equity (Hedged) | B77: 5.1990801 | C77: 6.5034478 | D77: 9.630382 | E77: 5.3934814 | F77: 6.7374438
... A111: of which: Directly Held Derivatives | B111: 0.80386573 | C111: 0.86057668 | D111: 0.79159884 | E111: 0.034927134 | F111: 0.60609097

Sheet Table 9a
A1: Table 9a MySuper asset allocation
A2: Entities with more than six members
B4: 45261
A5: Members with 100 per cent MySuper interest | B5: Effective Exposure
A6: ($ million)
A7: Cash | B7: 45481
A9: Cash - market value of foreign exchange derivative contracts | B9: 5965
A10: Cash Offset - Derivatives | B10: -25537
A12: Fixed Income | B12: 200683
A13: Australian fixed income | B13: 121000
A14: International fixed income | B14: 67009
A15: Fixed Income (domicile and sub-category not available) | B15: 2561
A16: Private Debt | B16: 10113
A18: Equity | B18: 553346
A19: Listed equity | B19: 500015
A20: of which:
A21: Australian listed equity | B21: 211964
A22: International listed equity (Hedged) | B22: 78439
A23: International listed equity (Unhedged) | B23: 209613
A24: Unlisted equity | B24: 53194
A25: of which:
A26: Australian unlisted equity | B26: 15920
A27: International unlisted equity (Hedged) | B27: 17788
A28: International unlisted equity (Unhedged) | B28: 19420
A29: Equity (listing not available) | B29: 204
A31: Property | B31: 75884
A32: Listed property | B32: 17291
A33: of which:
A34: Australian listed property | B34: 9899
A35: International listed property | B35: 7393
A36: Unlisted property | B36: 58190
A37: of which:
A38: Australian unlisted property | B38: 45640
A39: International unlisted property | B39: 12134
A40: Property (listing not available) | B40: 818
A42: Infrastructure | B42: 107186
A43: Listed infrastructure | B43: 7545
A44: of which:
A45: Australian listed infrastructure | B45: 5298
A46: International listed infrastructure | B46: 2247
A47: Unlisted infrastructure | B47: 99611
A48: of which:
A49: Australian unlisted infrastructure | B49: 51339
A50: International unlisted infrastructure | B50: 47094
A51: Infrastructure (listing not available) | B51: 1209
A53: Alternatives | B53: 11543
A54: Australian Alternatives | B54: 2846
A55: International Alternatives | B55: 8012
A56: Alternatives (domicile not available) | B56: 684
A58: Commodities | B58: 1071
A60: Total investments | B60: 975620
B63: 45291
B64: Effective Exposure
A65: Proportion of investments (%)
A66: Cash | B66: 4.7
A68: Cash - market value of foreign exchange derivative contracts | B68: 0.8
A69: Cash Offset Derivatives | B69: -3.3
A71: Fixed Income | B71: 20.6
A72: Australian fixed income | B72: 12.4
A73: International fixed income | B73: 6.9
A74: Fixed Income (domicile and sub-category not available) | B74: 0.3
A75: Private Debt | B75: 1
A77: Equity | B77: 56.7
A78: Listed equity | B78: 51.3
A79: of which:
A80: Australian listed equity | B80: 21.7
A81: International listed equity (Hedged) | B81: 8
A82: International listed equity (Unhedged) | B82: 21.5
A83: Unlisted equity | B83: 5.5
A84: of which:
A85: Australian unlisted equity | B85: 1.6
A86: International unlisted equity (Hedged) | B86: 1.8
A87: International unlisted equity (Unhedged) | B87: 2
A88: Equity (listing not available) | B88: 0
A90: Property | B90: 7.8
A91: Listed property | B91: 1.8
A92: of which:
A93: Australian listed property | B93: 1
A94: International listed property | B94: 0.8
A95: Unlisted property | B95: 6
A96: of which:
A97: Australian unlisted property | B97: 4.7
A98: International unlisted property | B98: 1.2
A99: Property (listing not available) | B99: 0.1
A101: Infrastructure | B101: 11
A102: Listed infrastructure | B102: 0.8
A103: of which:
A104: Australian listed infrastructure | B104: 0.5
A105: International listed infrastructure | B105: 0.2
A106: Unlisted infrastructure | B106: 10.2
A107: of which:
A108: Australian unlisted infrastructure | B108: 5.3
A109: International unlisted infrastructure | B109: 4.8
A110: Infrastructure (listing not available) | B110: 0.1
A112: Alternatives | B112: 1.2
A113: Australian Alternatives | B113: 0.3
A114: International Alternatives | B114: 0.8
A115: Alternatives (domicile not available) | B115: 0.1
A117: Commodities | B117: 0.1
A119: Total investments | B119: 100

Sheet Table 9b
A1: Table 9b Industry Asset Allocation by investment vehicle
A2: Entities with more than six members
A3: 45261
B4: Corporate | C4: Industry | D4: Public Sector | E4: Retail | F4: Total
A6: ($ million)
A7: Directly held | B7: 28030 | C7: 801180 | D7: 229986.38 | E7: 83415 | F7: 1142611.4
A8: Indirectly held | B8: 19681 | C8: 436892 | D8: 223217 | E8: 621955 | F8: 1301745
A9: Cash management trust | B9: 0 | C9: 15943 | D9: 173 | E9: 3520 | F9: 19636
A10: Life company guaranteed | B10: 0 | C10: 112 | D10: 0 | E10: 5601 | F10: 5713
A11: Life company investment linked | B11: 0 | C11: 0 | D11: 0 | E11: 7000 | F11: 7000
A12: Life company other | B12: 0 | C12: 0 | D12: 383 | E12: 492.51 | F12: 876
A13: Listed retail trust | B13: 1232 | C13: 33414 | D13: 8581 | E13: 22838 | F13: 66065
A14: Pooled superannuation trust | B14: 0 | C14: 82034 | D14: 66988 | E14: 9225 | F14: 158247
A15: Unlisted retail trust | B15: 462 | C15: 3125 | D15: 1365 | E15: 174376 | F15: 179328
A16: Wholesale trust | B16: 12870 | C16: 201629 | D16: 64785 | E16: 383405 | F16: 662689
A17: Other indirect investment | B17: 5117 | C17: 100635 | D17: 80941.76 | E17: 15497 | F17: 202190.76
A18: Total Investment | B18: 47711 | C18: 1238072 | D18: 453203.38 | E18: 705370 | F18: 2444356.4

Sheet Explanatory notes
B2: Explanatory notes
B4: Background Statistics previously published in the Quarterly Superannuation Performance (QSP) publication have been revised, and new statistics introduced to incorporate changes to the superannuation reporting framework under APRA’s Superannuation Data Transformation, with the first Quarterly Superannuation Industry Publication (QSIP) released in October 2022. Details of the consultation on the publication, including APRA’s response to submissions, can be found on APRA’s website at:
B6: Consultation on APRA's Superannuation Data Transformation | APRA
B8: Source The statistics in this publication have been prepared from the following sources: • superannuation returns submitted to APRA under the Financial Sector (Collection of Data) Act 2001 and from exempt public sector schemes that report to APRA under a Heads of Government agreement between the Commonwealth and each of the State and Territory Governments; • data is provided by the ATO on self-managed superannuation funds (SMSFs) and may include estimates prior to actual data being received by the ATO. Structure and source The QSIP comprises statistics on different populations of superannuation entities. • Product breakdown tables (tables 1, 2, 3, and 4) contain data for all APRA-regulated entities with more than six members, and excludes exempt public sector schemes. • Table 5 - member accounts contains data for the entire superannuation industry • All other tables contain data for all superannuation entities with more than six members, including exempt public sector schemes.
B9: Changes in reporting framework APRA released a new reporting framework in June 2021. For most superannuation entities with more than six members, the first quarterly forms applied from the quarter ending June 2021 and the first annual forms to the year ending 30 June 2021. From June 2021 to June 2022, data was collected under both the old and new reporting framework. There have been a number of new items included in this publication based on the new reporting framework, including data superannuation products, investment options, aggregate membership and asset allocation. Items that have had significant changes to their definitions between the old and new reporting frameworks have been shown with a series break, with the old item ending in March 2021 and the new items beginning in June 2021. APRA made minor amendments to investment option classifications under SRS 605.0 RSE Structure which applied from 30 June 2023. The option classifications on Table 3 and Table 4 of the QSIP have been updated to reflect the improved classifications.
B10: Fund type The QSIP includes segmentation of certain statistics by fund type (corporate, industry, public sector and retail). Details on the segmentation methodology are available in the following paper:
B11: https://www.apra.gov.au/sites/default/files/segmentation_of_superannuation_entities.pdf
B12: Information on superannuation products and investment options The new data collection features data collected at the product, investment menu and investment option level. Segmentations that appear in this publication at the product level are • by product type: MySuper, Choice and Defined Benefit products, • by product phase: Accumulation, Transition to retirement and Retirement, Segmentations that appear in this publication at the investment option level are: • by investment option type: multi sector, single sector, direct assets and annuities • by category type: multi manager, single manager and direct investment • investment options accessed via platform • investment options with a lifecycle strategy For more information on the different types of products, investment menus and investment options, see the glossary, and Superannuation Reporting Standards SRS 605.0 RSE Profile and SRS 606.0 RSE Structure. Information on member assets Member assets is a new concept in the QSIP. Statistics on member assets are included in tables 1 – 4 on superannuation products and investment options. Member assets are defined as the assets available to pay member benefits. This is assets less reserves less liabilities excluding members’ benefits. Member Assets are therefore lower than member benefits reported in Tables 5, 6, 7 and 8 which include the value of unfunded defined benefits. Total investments include investments unallocated to member accounts which are not included in member assets. Member assets are net of liabilities and may include other non investment assets including tax assets.
B13: Information on MySuper members, assets and investments A key area of difference in the data collected for MySuper interests in the new collections is the ability to identify the number of member accounts with part of their balance in choice investment options and part of their balance with a MySuper interest. All statistics published under the QSP were inclusive of all MySuper interests. In APRA’s new product statistics in Table 1, Table 1a and Table 2, member accounts with a MySuper interest in addition to an interest in choice investment options are included in the Choice product classification. To avoid double counting, these member accounts are excluded from the MySuper product classification. Member accounts with a partial interest are also excluded from MySuper statistics on investments in the QSIP to reflect the population of default members more accurately so that statistics on average account balance and membership by account balance bracket are not skewed by the inclusion of partial interests. This ensures that statistics on average account balance and member demographics provide an accurate representation of members with their full interest in the MySuper product. The implementation of the new reporting standards required reporting entities to review which investments meet the definition of a MySuper interest when reporting to APRA. Through this process, some entities were found to have included non-MySuper interests when reporting investments under the reporting standards in the previous reporting framework, which accounts for the remaining difference. APRA is working with these entities to review their historical submissions for the reporting standards.
B14: Information on member accounts with an interest in investment options Member accounts reported on Tables 1, 1a and 2 count those members with interests in different types of superannuation products. Member accounts reported on Tables 3 count those members with interests in different investment options. A single member may be invested in multiple investment options within a single superannuation product, therefore members may be counted multiple times in Tables 3 and 4. Therefore, the sum of member accounts in Tables 3 will be greater than the total members in choice products reported that on Tables 1 and 1a.
B15: Information on direct investment options and single asset options All investment options classified under direct - cash account, direct - term deposit, direct - fixed income instrument, direct - hybrid security, direct - shares and direct - other as well as annuities and insurance only options are classified under single assets in Table 4. See Glossary for further information.
B16: Comparison with Quarterly Superannuation Performance There are some differences in aggregate statistics across the two publications due to the increased accuracy of statistics in the QSIP which are outlined in the sections above. Comparison with Annual Superannuation Bulletin APRA's Quarterly Superannuation Performance publication includes financial performance and financial position information for entities with more than six members, as well as key statistics for the superannuation industry. Figures published in the QSIP and Annual Superannuation Bulletin will generally be relatively close but will not match for the following reasons: Different fund reporting periods - not all funds have the same end date for their year of income, although for the majority of funds it is 30 June. The Annual Superannuation Bulletin uses audited annual accounts that correspond to the funds' year of income. The Quarterly Superannuation Aggregate Publication uses funds' data as at the end of each quarter. The time periods these two publications cover are not perfectly matched yet are similar since the majority of funds have the same end date for their year of income. Fund classifications – a fund’s functional classification may change over time. The publications use funds' functional classifications as at the end of the reporting period. Therefore the classification used in the Annual Superannuation Bulletin may not match the classification in all four quarters of the year in the Quarterly Superannuation Performance publication. There are also some differences in aggregate statistics across the two publications due to the increased accuracy of statistics in the QSIP which are outlined in the sections above.
